 Dungeon Crawl Stone Soup version 0.31.0-12-g77e489cdc1 (webtiles) character file.

Game seed: 14618010012063392649

2558448 ratatoskos the Invulnerable (level 27, 245/245 HPs)
             Began as a Minotaur Chaos Knight on Feb 29, 2024.
             Was a Favourite Plaything of Xom.
             Escaped with the Orb
             ... and 4 runes on Mar 1, 2024!
             The game lasted 03:12:25 (60643 turns).

ratatoskos the Invulnerable (MiCK)                 Turns: 60643, Time: 03:12:25

Health: 245/245    AC: 47    Str: 32    XL:     27
Magic:  24/24      EV: 27    Int:  9    God:    Xom [.*....]
Gold:   10578      SH: 32    Dex: 23    Spells: 26/26 levels left

rFire   + + +        k - +8 broad axe "Boehyim" {drain, rF++ rN+ Str-5 Stlth+}
rCold   + + +        u - +0 tower shield "Fexob" {+Blink rF+ rN++ Dex-2}
rNeg    + + +        V - +7 gold dragon scales
rPois   +            (helmet restricted)
rElec   .            G - +4 cloak of Mysticism {Rampage}
rCorr   +            Q - +2 pair of gloves {Str+3}
SInv    +            b - +1 pair of boots of Cheibriados {SInv}
Will    ++++.        c - amulet "Taemno Qein" {Reflect ^Drain Will++ Regen+ Int+3 SH+5} Stlth
                     m - ring of Femihar {rC+ rN+ Str+8 Int-2 Slay+5}
HPRegen 2.20/turn    N - ring "Sadwen" {^Drain rPois rCorr Dex+7 Slay+2}
MPRegen 0.19/turn

%: reflection, clarity, rampage
@: studying Short Blades
A: horns 2, retaliatory headbutt, iridescent scales 3, agile 1, clarity, cold
resistance 1, deformed body, deterioration 1, frail 1, high MP 1, sense
surroundings 1, regeneration 1, screaming 2, heat vulnerability 1, sturdy frame
1
0: Orb of Zot
}: 4/15 runes: decaying, silver, abyssal, gossamer
a: Renounce Religion, Evoke Blink


You escaped.
You worshipped Xom.
You were a plaything of Xom.
You visited 11 branches of the dungeon, and saw 51 of its levels.
You visited the Abyss 1 time.
You also visited: Trove, Bailey and Ice Cave.

You collected 10861 gold pieces.
You spent 283 gold pieces at shops.

Inventory:

Hand Weapons
 k - the +8 broad axe "Boehyim" (weapon) {drain, rF++ rN+ Str-5 Stlth+}
   (You acquired it on level 2 of the Elven Halls)

   Str-5:     It affects your strength (-5).
   rF++:      It greatly protects you from fire.
   rN+:       It protects you from negative energy.
   Stlth+:    It makes you more stealthy.
 K - the +7 sceptre of Torment {pain, torment}
   (You found it on level 2 of the Crypt)
 Z - a +9 broad axe of flaming
Missiles
 w - 23 darts of dispersal (quivered)
 F - 24 curare-tipped darts
 O - a throwing net
Armour
 b - the +1 pair of boots of Cheibriados (worn) {SInv}
   (You found it in a treasure trove)

   SInv:      It lets you see invisible.
 u - the +0 tower shield "Fexob" (worn) {+Blink rF+ rN++ Dex-2}
   (You took it off Louise on level 2 of the Swamp)

   Dex-2:     It affects your dexterity (-2).
   rF+:       It protects you from fire.
   rN++:      It greatly protects you from negative energy.
   +Blink:    It lets you blink.
 G - the +4 cloak of Mysticism (worn) {Rampage}
   (You found it on level 4 of the Lair of Beasts)

   Rampage:   It bestows one free step when moving towards enemies.
 Q - a +2 pair of gloves of strength (worn)
 V - +7 gold dragon scales (worn)
Jewellery
 c - the amulet "Taemno Qein" (around neck) {Reflect ^Drain Will++ Regen+ Int+3 SH+5}
   (You found it in a treasure trove)

   [amulet of reflection]

   Reflect:   It reflects blocked missile attacks.
   Int+3:     It affects your intelligence (+3).
   Will++:    It greatly increases your willpower.
   Regen+:    It increases your rate of health regeneration.
   ^Drain:    It drains your maximum health when unequipped.
   SH+5:      It affects your SH (+5).
 m - the ring of Femihar (left hand) {rC+ rN+ Str+8 Int-2 Slay+5}
   (You found it on level 3 of the Vaults)

   [ring of protection from cold]

   Str+8:     It affects your strength (+8).
   Int-2:     It affects your intelligence (-2).
   Slay+5:    It affects your accuracy & damage with ranged weapons and melee
   (+5).
   rC+:       It protects you from cold.
   rN+:       It protects you from negative energy.
 B - a ring of flight
 N - the ring "Sadwen" (right hand) {^Drain rPois rCorr Dex+7 Slay+2}
   (You found it on level 1 of the Lair of Beasts)

   [ring of resist corrosion]

   Dex+7:     It affects your dexterity (+7).
   Slay+2:    It affects your accuracy & damage with ranged weapons and melee
   (+2).
   rPois:     It protects you from poison rCorr: It protects you from acid and
   corrosion.
   ^Drain:    It drains your maximum health when unequipped.
Wands
 d - a wand of digging (13)
 g - a wand of light (34)
 t - a wand of roots (29)
 L - a wand of mindburst (21)
 Y - a wand of paralysis (60)
Scrolls
 e - 10 scrolls of fog
 h - 2 scrolls of poison
 n - 20 scrolls of teleportation
 v - 3 scrolls of revelation
 x - 6 scrolls of enchant weapon
 z - 9 scrolls of fear
 C - a scroll of torment
 D - 11 scrolls of immolation
 I - 2 scrolls of butterflies
 J - 12 scrolls of vulnerability
 R - 6 scrolls of blinking
 U - 5 scrolls of silence
Potions
 a - 7 potions of lignification
 f - 4 potions of invisibility
 i - 9 potions of mutation
 l - 8 potions of heal wounds
 o - 12 potions of enlightenment
 p - 6 potions of might
 q - 16 potions of curing
 r - 9 potions of haste
 s - 2 potions of resistance
 A - 4 potions of ambrosia
 E - 4 potions of cancellation
Miscellaneous
 j - a condenser vane
 y - a phial of floods
 M - a lightning rod (4/4)
 P - a box of beasts
 S - a phantom mirror


   Skills:
 O Level 27 Fighting
 - Level 17.8(18.0) Axes
 - Level 3.1(12.1) Polearms
 + Level 2.6 Throwing
 O Level 27 Armour
 O Level 27 Dodging
 O Level 27 Shields
 + Level 14.8 Evocations


You had 26 spell levels left.
You didn't know any spells.
Your spell library contained the following spells:

 Spells                   Type           Power      Damage    Failure   Level
 Freeze                   Ice            0%         1d3       83%         1
 Kiss of Death            Conj/Necr      0%         2d5       83%         1
 Magic Dart               Conj           0%         1d3       83%         1
 Necrotise                Necr           0%         1d4       83%         1
 Sandblast                Erth           0%         2d4       83%         1
 Shock                    Conj/Air       0%         1d3       83%         1
 Summon Small Mammal      Summ           0%         N/A       83%         1
 Call Imp                 Summ           0%         N/A       92%         2
 Cigotuvi's Dreadful Rot  Necr/Alch/Air  0%         N/A       92%         2
 Ensorcelled Hibernation  Hex/Ice        0%         N/A       92%         2
 Jinxbite                 Hex            0%         N/A       92%         2
 Lesser Beckoning         Tloc           0%         N/A       92%         2
 Mercury Vapours          Alch/Air       0%         N/A       92%         2
 Scorch                   Fire           0%         2d5       92%         2
 Searing Ray              Conj           0%         2d4       92%         2
 Sublimation of Blood     Necr           0%         N/A       92%         2
 Confusing Touch          Hex            0%         N/A       99%         3
 Dazzling Flash           Conj/Hex       0%         N/A       99%         3
 Frozen Ramparts          Ice            0%         1d1       99%         3
 Fugue of the Fallen      Necr           0%         N/A       99%         3
 Gell's Gravitas          Tloc           0%         N/A       99%         3
 Hailstorm                Conj/Ice       0%         3d5       99%         3
 Inner Flame              Hex/Fire       0%         N/A       99%         3
 Mephitic Cloud           Conj/Alch/Air  0%         N/A       99%         3
 Ozocubu's Armour         Ice            0%         N/A       99%         3
 Passwall                 Erth           0%         N/A       99%         3
 Stone Arrow              Conj/Erth      0%         3d7       99%         3
 Summon Ice Beast         Ice/Summ       0%         N/A       99%         3
 Swiftness                Air            0%         N/A       99%         3
 Teleport Other           Tloc           0%         N/A       99%         3
 Tukima's Dance           Hex            0%         N/A       99%         3
 Vampiric Draining        Necr           0%         2d6       99%         3
 Anguish                  Hex/Necr       0%         N/A       100%        4
 Animate Armour           Summ/Erth      0%         N/A       100%        4
 Animate Dead             Necr           0%         N/A       100%        4
 Brom's Barrelling Bould  Conj/Erth      0%         2d3       100%        4
 Dimensional Bullseye     Hex/Tloc       0%         N/A       100%        4
 Dispel Undead            Necr           0%         3d6       100%        4
 Flame Wave               Conj/Fire      0%         2d4       100%        4
 Fulminant Prism          Conj/Alch      0%         3d5       100%        4
 Ignite Poison            Fire/Alch      0%         N/A       100%        4
 Iskenderun's Mystic Bla  Conj/Tloc      0%         2d3       100%        4
 Leda's Liquefaction      Alch/Erth      0%         N/A       100%        4
 Manifold Assault         Tloc           0%         N/A       100%        4
 Martyr's Knell           Necr/Summ      0%         N/A       100%        4
 Olgreb's Toxic Radiance  Alch           0%         N/A       100%        4
 Passage of Golubria      Tloc           0%         N/A       100%        4
 Sticky Flame             Fire/Alch      0%         2d4       100%        4
 Summon Lightning Spire   Summ/Air       0%         N/A       100%        4
 Vhi's Electric Charge    Tloc/Air       0%         N/A       100%        4
 Arcjolt                  Conj/Air       0%         1d10      100%        5
 Curse of Agony           Necr           0%         N/A       100%        5
 Fireball                 Conj/Fire      0%         3d3       100%        5
 Freezing Cloud           Conj/Ice/Air   0%         6-21      100%        5
 Irradiate                Conj/Alch      0%         3d11      100%        5
 Iskenderun's Battlesphe  Conj           0%         2d6       100%        5
 Lee's Rapid Deconstruct  Erth           0%         3d4*      100%        5
 Metabolic Englaciation   Hex/Ice        0%         N/A       100%        5
 Silence                  Hex/Air        0%         N/A       100%        5
 Summon Forest            Summ/Tloc      0%         N/A       100%        5
 Summon Mana Viper        Hex/Summ       0%         N/A       100%        5
 Yara's Violent Unravell  Hex/Alch       0%         3d3       100%        5
 Bombard                  Conj/Erth      0%         9d1       100%        6
 Conjure Ball Lightning   Conj/Air       0%         3x3d6     100%        6
 Death Channel            Necr           0%         N/A       100%        6
 Dispersal                Tloc           0%         N/A       100%        6
 Eringya's Noxious Bog    Alch           0%         4d6       100%        6
 Plasma Beam              Fire/Air       0%         2x1d10    100%        6
 Sculpt Simulacrum        Ice/Alch       0%         N/A       100%        6
 Summon Cactus Giant      Summ           0%         N/A       100%        6
 Enfeeble                 Hex            0%         N/A       100%        7
 Haunt                    Necr/Summ      0%         N/A       100%        7
 Orb of Destruction       Conj           0%         9d5       100%        7
 Ozocubu's Refrigeration  Ice            0%         4d7       100%        7
 Spellforged Servitor     Conj/Summ      0%         N/A       100%        7
 Summon Hydra             Summ           0%         N/A       100%        7
 Borgnjor's Revivificati  Necr           0%         N/A       100%        8
 Discord                  Hex            0%         N/A       100%        8
 Disjunction              Tloc           0%         N/A       100%        8
 Ignition                 Fire           0%         3d3       100%        8
 Infestation              Necr           0%         N/A       100%        8
 Lehudib's Crystal Spear  Conj/Erth      0%         10d2      100%        8
 Maxwell's Capacitive Co  Air            0%         ∞         100%        8
 Chain Lightning          Conj/Air       0%         N/A       100%        9
 Dragon's Call            Summ           0%         N/A       100%        9
 Fire Storm               Conj/Fire      0%         5d1       100%        9
 Shatter                  Erth           0%         3d5*      100%        9


Dungeon Overview and Level Annotations

Branches:
Dungeon (15/15)            Temple (1/1) D:6            Lair (5/5) D:10
  Swamp (4/4) Lair:3       Spider (4/4) Lair:3        Slime (0/5) Lair:5
    Orc (2/2) D:12            Elf (3/3) Orc:2        Vaults (5/5) D:13
  Crypt (3/3) Vaults:2       Tomb (0/3) Crypt:3      Depths (4/4) D:15
    Zot (5/5) Depths:4     Bailey (visited)           IceCv (visited)

Altars:
Ashenzari
Cheibriados
Dithmenos
Elyvilon
Fedhas
Gozag
Hepliaklqana
Kikubaaqudgha
Makhleb
Nemelex Xobeh
Okawaru
Qazlal
Ru
Sif Muna
Trog
Uskayaw
Vehumet
Wu Jian
Xom
Yredelemnul
Zin
The Shining One
Jiyva

Shops:
D:9 =   Orc:2 *=([(   Elf:2 [   Vaults:3 (   Vaults:5 ?   Depths:1 =::
Depths:3 **[   Depths:4 [

Portals:
Hell: Depths:1 Depths:2 Depths:3 Depths:4
Abyss: Depths:2 Depths:3 Depths:4
Pandemonium: Depths:2 Depths:3
Ziggurat: Depths:1


Innate Abilities, Weirdness & Mutations

You have a pair of horns on your head.
You reflexively headbutt those who attack you in melee.
You are completely covered in iridescent scales. (AC +6)
You are agile. (Dex +4, Str/Int -1)
You possess an exceptional clarity of mind.
Your flesh is cold resistant. (rC+)
Armour fits poorly on your strangely shaped body.
Your body sometimes deteriorates upon taking damage.
You are frail. (-10% HP)
You have an increased reservoir of magic. (+10% MP)
You passively map a small area around you.
Your natural rate of healing is unusually fast.
You frequently scream uncontrollably at your foes.
You are vulnerable to heat. (rF-)
Your movements are slightly less encumbered by armour. (ER -2)


Message History

The angel is healed somewhat.
You block the angel's attack.
The angel hits you with a +1 sacred scourge of holy wrath.
Unknown command.
You slice the angel like a ripe choko!!!
Your headbutt misses the angel.
The angel is almost dead.
The angel gestures.
The angel is healed somewhat.
The angel barely misses you. You block the angel's attack.
You slice the angel!! You headbutt the angel.
You kill the angel!
Items here: )) [[.
Unknown command.
There is a stone staircase leading up here.
You climb upwards.
There is a stone staircase leading down here.
You feel a little less clever now.
You feel yourself speed up.
HP restored.
There is a stone staircase leading up here.
You climb upwards.
There is a stone staircase leading down here.
You recover from your berserk rage.
There is a stone staircase leading down here.
There is a stone staircase leading up here.
You climb upwards.
There is a stone staircase leading down here.
There is a stone staircase leading up here.
You climb upwards.
There is a stone staircase leading down, spattered with blood here.
A large abomination comes into view.
You see here a +0 club.
You slice the large abomination!! You headbutt the large abomination!
The large abomination is severely damaged.
You barely miss the large abomination. You headbutt the large abomination!
You destroy the large abomination!
No target in view!
There is an open door here.
There is a staircase leading out of the dungeon here.
You have escaped!

#.........#....########..###
##.[.............##........#
##......##.####...........###
#....#####.# ####..........#
#.##.......# #........#.#
##.##.####### ##########.#
.(..÷(######################.#
###..........##...'..........#
#...#########.@.############
#♣♣..# #...########## #♣~♣~♣#
##+###.......# ♣~P~~♣♣####
####+###.......#
~~P~~♣~♣..###......#.⌠.⌠.⌠.#
~~~P~~~~♣..#....>..'.......#
~P~~~P~♣~#.........#.......#
~~PP~~~~♣♣..#########+###'##
~~~~~~♣P♣..##########.....#


There were no monsters in sight!

Vanquished Creatures
  7 dread liches
  A seraph (D:5)
  Tiamat (Zot:1)
  3 orbs of fire
  2 ancient liches
  Xtahua (Crypt:3)
  Josephina (Depths:3)
  3 royal mummies (Crypt:2)
  Boris (Depths:4)
  Sojobo (Vaults:2)
  5 Killer Klowns
  the Lernaean hydra (Swamp:4)
  A golden dragon (shapeshifter) (Depths:3)
  Margery (Depths:1)
  3 curse toes
  12 golden dragons
  Norris (Depths:1)
  2 bone dragons
  Jory (Vaults:2)
  A shard shrike zombie (Crypt:1)
  A Tzitzimitl (Zot:3)
  Jorgrun (Swamp:3)
  5 electric golems
  A searing wretch (Depths:1)
  5 liches
  21 tentacled monstrosities
  3 deep elf blademasters
  4 titans (Vaults:5)
  26 Orb Guardians
  Asterion (Elf:3)
  8 quicksilver dragons
  9 sphinxes
  3 acid blobs
  11 death cobs
  2 deep elf master archers (Elf:3)
  Frances (Spider:1)
  9 ancient champions
  2 tentacled starspawn (Abyss:3)
  Agnes (D:14)
  11 shadow dragons
  4 tengu reavers
  20 storm dragons
  4 protean progenitors (Zot:4)
  The ghost of TangoThomas the Jinx, an adept DsHs of Ashenzari (Swamp:1)
  4 revenants
  4 fire giants
  3 draconian monks
  Donald (Elf:2)
  A daeva (D:5)
  An iron dragon (Vaults:5)
  An azure jelly (IceCv)
  6 draconian knights
  A fenstrider witch (Swamp:3)
  Louise (Swamp:2)
  7 frost giants
  6 draconian scorchers
  13 deep elf sorcerers
  4 deep elf elementalists (Elf:3)
  4 emperor scorpions
  An angel (D:5)
  3 orc warlords
  A juggernaut zombie (Crypt:3)
  A balrug (Depths:3)
  23 very ugly things
  9 ghost moths
  2 curse skulls
  8 ghouls
  4 draconian shifters
  14 vault wardens
  5 draconian stormcallers
  A cacodemon (Zot:4)
  A caustic shrike skeleton (Depths:2)
  5 draconian annihilators
  10 ironbound thunderhulks
  9 broodmothers
  A quicksilver ooze (IceCv)
  15 stone giants
  7 deep elf demonologists
  23 ironbound preservers
  4 vampire knights
  8 green draconians
  Nessos (Lair:5)
  A formless jellyfish (Vaults:3)
  5 deep elf death magi
  8 deep elf annihilators (Elf:3)
  13 red draconians
  7 war gargoyles
  10 white draconians
  14 black draconians
  3 bunyips
  11 eleionomae
  5 eidola
  6 dire elephants
  10 purple draconians
  2 crystal guardians
  12 yellow draconians
  7 spark wasps
  4 mummy priests
  8 fire dragons
  2 quicksilver dragon zombies
  12 jiangshi
  3 shambling mangroves
  10 ettins
  16 entropy weavers
  5 great orbs of eyes
  2 rakshasas
  Harold (D:9)
  5 deep elf high priests
  The ghost of nitefall the Bludgeoner, a journeyman MiBe of Trog (Orc:1)
  9 yaktaur captains
  A spriggan zombie (Crypt:3)
  A quicksilver dragon skeleton (Depths:2)
  A hell beast (Depths:3)
  37 vault guards
  5 ghost crabs
  7 spriggan air magi
  6 ice dragons
  3 jorogumos
  9 alligators
  4 peacekeepers
  18 hydras
  13 centaur warriors
  10 ironbound frosthearts
  3 ogre magi
  3 anacondas (Zot:4)
  2 radroaches
  7 boulder beetles
  20 dancing weapons
  12 deep troll shamans
  2 two-headed ogres (shapeshifter)
  3 death knights
  8 two-headed ogres
  A torpor snail (shapeshifter) (Vaults:5)
  Erica (Orc:1)
  4 demonic crawlers
  A sphinx skeleton (Depths:2)
  16 death yaks (Lair:5)
  A bennu skeleton (Crypt:2)
  An azure jelly zombie (Crypt:3)
  3 occultists
  7 vampire magi
  9 deep troll earth magi
  9 tengu warriors
  13 hell knights
  5 spriggan berserkers
  3 orc high priests (Orc:2)
  Urug (Orc:1)
  3 soul eaters
  14 deep elf knights
  2 sun demons (Depths:4)
  2 sixfirhies
  Sonja (D:10)
  A wretched star (Abyss:3)
  38 skeletal warriors
  A fire crab (shapeshifter) (Lair:1)
  10 iron trolls
  3 skysharks
  2 fire crabs (Abyss:3)
  2 shadow wraiths
  6 pharaoh ants
  3 spriggan druids
  A titan skeleton (Depths:2)
  2 goliath frogs
  The ghost of nitefall the Geomancer, a novice GrEE of Sif Muna (D:9)
  7 orb spiders
  5 flayed ghosts
  A mana viper (shapeshifter) (Swamp:3)
  19 swamp dragons
  11 deep elf archers
  16 ironbound convokers
  73 deep trolls
  A bunyip zombie (Crypt:3)
  4 golden dragon skeletons
  6 arcanists
  11 bog bodies
  3 glowing orange brains
  A shadow demon (Depths:2)
  11 phantasmal warriors
  8 lindwurms
  7 orc knights
  A large abomination (D:1)
  A glowing shapeshifter (Vaults:2)
  8 necromancers
  26 wolf spiders
  A lightning spire (Zot:2)
  30 deep elf pyromancers
  2 tengu skeletons
  9 deep elf zephyrmancers
  A shadow dragon skeleton (Depths:2)
  9 steelbarb worms
  5 orc sorcerers
  A sphinx simulacrum (D:15)
  11 cyclopes
  34 ugly things
  15 meliai
  4 will-o-the-wisps
  2 oklob plants (Spider:2)
  38 moths of wrath
  3 human skeletons
  3 fire giant skeletons
  2 stone giant skeletons (Depths:2)
  4 manticores
  2 kobold blastminers (Orc:1)
  10 elephants
  3 ice statues (IceCv)
  Maurice (D:9)
  A water nymph (Zot:5)
  A rust devil (Depths:2)
  15 vault sentinels
  An eye of devastation (Spider:4)
  2 guardian serpents (Depths:3)
  3 black mambas
  3 gargoyles
  A titan simulacrum (Crypt:3)
  2 apocalypse crabs (Abyss:3)
  6 spectral spriggans (Swamp:1)
  5 frost giant skeletons (Depths:2)
  8 torpor snails
  A smoke demon (Abyss:3)
  An alligator snapping turtle zombie (Crypt:3)
  13 cane toads
  5 unseen horrors
  A grey draconian zombie (Crypt:3)
  A storm dragon simulacrum (Depths:4)
  A green draconian zombie (Crypt:3)
  2 efreet
  6 freezing wraiths
  A rime drake (Lair:3)
  A steelbarb worm zombie (Crypt:2)
  Jeremiah (D:6)
  13 yaktaurs
  A golden dragon simulacrum (Depths:4)
  4 kobold demonologists (D:13)
  An unseen horror (shapeshifter) (D:14)
  An ancient zyme (Abyss:3)
  A yaktaur skeleton (Vaults:2)
  5 tengu conjurers
  3 guardian mummies (Crypt:3)
  7 komodo dragons
  2 merfolk (shapeshifter)
  18 hornets
  A shadow dragon simulacrum (Depths:4)
  4 polar bears
  8 trolls
  30 tarantellas
  4 raiju (Abyss:3)
  A raiju (shapeshifter) (D:13)
  A harpy skeleton (Crypt:3)
  10 tyrant leeches
  2 wind drakes (shapeshifter)
  7 dream sheep
  A blink frog (shapeshifter) (Elf:2)
  17 blink frogs
  27 jumping spiders
  52 slime creatures
  23 culicivoras
  A ynoxinul (D:7)
  4 air elementals
  An ettin skeleton (Crypt:3)
  10 spriggans
  9 water elementals
  3 fire elementals
  4 wyverns
  3 shadows
  2 steam dragons
  2 vampires (D:9)
  2 ushabtiu (Crypt:3)
  55 yaks
  A wraith (Crypt:1)
  18 humans
  A neqoxec (Abyss:3)
  6 basilisks
  Grum (D:8)
  An elf skeleton (Vaults:1)
  7 wargs
  65 redbacks
  16 swamp worms
  A demonspawn zombie (Crypt:2)
  A swamp worm (shapeshifter) (Vaults:5)
  4 great orb of eyes simulacra (IceCv)
  A skyshark zombie (Crypt:2)
  2 acid dragons
  14 water moccasins
  32 orc warriors
  A sky beast (shapeshifter) (Elf:2)
  3 glowing shapeshifter skeletons
  8 swamp drakes
  An ice beast (D:8)
  4 black bears
  30 laughing skulls
  A snapping turtle skeleton (Crypt:3)
  11 ogres
  An elephant skeleton (Crypt:1)
  23 wolves
  An elephant zombie (Crypt:1)
  18 centaurs
  A blink frog skeleton (Crypt:3)
  2 phantoms
  An elf zombie (Crypt:3)
  10 kobold brigands
  3 slime creature simulacra (IceCv)
  13 bullfrogs
  6 necrophages
  A gnoll sergeant (D:6)
  8 scorpions
  4 glowing shapeshifter simulacra
  A salamander skeleton (Crypt:1)
  2 two-headed ogre simulacra (Orc:2)
  A cane toad simulacrum (Orc:2)
  A komodo dragon skeleton (Crypt:1)
  6 wights
  3 earth elementals
  An elephant simulacrum (Orc:2)
  A yak zombie (Crypt:2)
  6 killer bees
  5 electric eels (Lair:1)
  5 howler monkeys
  2 bullfrog zombies (D:7)
  5 lava snakes (Lair:1)
  A black bear zombie (Crypt:2)
  3 centaur zombies (D:7)
  2 hounds
  14 orc priests
  2 jellies
  A gnoll bouda (D:9)
  Crazy Yiuf (D:6)
  2 human zombies
  A basilisk skeleton (Crypt:1)
  A sleepcap (D:5)
  3 iguanas
  18 orc wizards
  3 shapeshifter simulacra (IceCv)
  A spriggan simulacrum (Orc:2)
  A polar bear simulacrum (Orc:2)
  2 centaur simulacra (D:10)
  A crocodile skeleton (Crypt:3)
  2 mummies (D:7)
  A howler monkey zombie (Crypt:1)
  7 gnolls
  4 adders
  A howler monkey skeleton (Crypt:2)
  2 naga simulacra (Orc:2)
  A shadow imp (D:7)
  A white imp (D:6)
  2 ufetubi (D:6)
  3 dart slugs
  2 ribbon worms (D:5)
  74 orcs
  5 bats
  7 endoplasms
  3 giant cockroaches (D:1)
  8 goblins
  5 hobgoblins
  10 jackals
  3 quokkas
  6 ball pythons
  3 frilled lizards
  38 kobolds
  3 rats
  An aspiring flesh (Zot:4)
  3 spectral weapons
  A starspawn tentacle (Abyss:3)
2396 creatures vanquished.

Vanquished Creatures (collateral kills)
  2 ironbound preservers (Vaults:4)
  A vampire knight (Crypt:3)
  An entropy weaver (Spider:3)
  A hydra (Swamp:4)
  A spriggan skeleton (Crypt:3)
  2 two-headed ogres (Vaults:4)
  A deep elf knight (Elf:2)
  A skeletal warrior (Crypt:3)
  A deep troll (Vaults:4)
  An arcanist (Vaults:4)
  An orc knight (D:10)
  An ugly thing (D:10)
  An alligator zombie (Crypt:1)
  A cyclops (D:10)
  A vault sentinel (Vaults:4)
  A guardian serpent (shapeshifter) (D:10)
  A yaktaur (D:10)
  A slime creature (Vaults:4)
  A swamp drake (Swamp:4)
  3 ogres (Vaults:4)
24 creatures vanquished.

Vanquished Creatures (others)
  An eldritch tentacle (Lair:5)
  A kraken (Abyss:3)
  A broodmother (Spider:4)
  An eleionoma (Swamp:2)
  A deep elf annihilator (Vaults:5)
  An ettin (Depths:4)
  A yaktaur captain (Vaults:5)
  A death yak (Lair:5)
  2 dancing weapons
  A demonic crawler (Spider:4)
  2 hell knights (Vaults:5)
  2 orb spiders
  2 deep elf archers (Elf:3)
  3 deep elf pyromancers
  A wolf spider (Spider:4)
  A deep elf zephyrmancer (Elf:3)
  A moth of wrath (Zot:3)
  4 bloated husks
  4 dream sheep (Lair:5)
  A culicivora (Spider:4)
  A slime creature (Vaults:4)
  A water elemental (Depths:4)
  An orc warrior (Bailey)
  A centaur (D:13)
  An electric eel (Lair:1)
  An orc priest (Vaults:5)
  An orc wizard (Vaults:5)
  An orc (Bailey)
  32 foxfires
  5 starspawn tentacles (Abyss:3)
  4 tentacles (Abyss:3)
81 creatures vanquished.

Grand Total: 2501 creatures vanquished

Notes
Turn   | Place    | Note
-------+----------+-------------------------------------------
     0 | D:1      | ratatoskos the Minotaur Chaos Knight began the quest for
                  | the Orb.
     0 | D:1      | Reached XP level 1. HP: 19/19 MP: 0/0
   146 | D:1      | Reached XP level 2. HP: 26/27 MP: 1/1
   255 | D:1      | You fall into a shaft and drop 1 floor!
   475 | D:1      | Found a faded altar of an unknown god.
   519 | D:1      | Reached XP level 3. HP: 33/33 MP: 2/2
   667 | D:2      | Reached skill level 1 in Polearms
  1141 | D:3      | Found a sacrificial altar of Ru.
  1146 | D:3      | Reached XP level 4. HP: 39/40 MP: 3/3
  1206 | D:3      | Found a broken altar of Ashenzari.
  1509 | D:3      | Noticed a scorpion
  1512 | D:3      | Killed a scorpion
  1924 | D:4      | Reached XP level 5. HP: 45/47 MP: 4/4
  2110 | D:4      | XOM: god gift: spear {god gift}
  2283 | D:4      | XOM: give mutations
  2283 | D:4      | Gained mutation: You have large cloven feet. [Xom's grace]
  2283 | D:4      | Gained mutation: Your muscles are strong. (Str +4, Int/Dex
                  | -1) [Xom's grace]
  2283 | D:4      | Gained mutation: Your flesh is cold resistant. (rC+) [Xom's
                  | grace]
  2283 | D:4      | Gained mutation: You are partially covered in iridescent
                  | scales. (AC +2) [Xom's grace]
  2295 | D:4      | Noticed an ogre
  2301 | D:4      | Killed an ogre
  2302 | D:4      | Reached skill level 5 in Fighting
  2314 | D:4      | Reached XP level 6. HP: 33/56 MP: 5/5
  2409 | D:4      | Found a glowing golden altar of the Shining One.
  2826 | D:4      | XOM is BORED!
  2890 | D:4      | XOM: god gift: hand axe {god gift}
  2922 | D:5      | Entered Level 5 of the Dungeon
  2944 | D:5      | Found a white marble altar of Elyvilon.
  2952 | D:5      | Noticed a water moccasin
  2959 | D:5      | XOM: divination: detect creatures
  2964 | D:5      | Killed a water moccasin
  2979 | D:5      | Reached skill level 5 in Axes
  2979 | D:5      | Reached XP level 7. HP: 51/61 MP: 6/6
  2981 | D:5      | XOM: butterfly on damage
  2984 | D:5      | Reached skill level 5 in Armour
  3225 | D:5      | XOM: divination: magic mapping
  3250 | D:5      | XOM: summons friendly crimson imp
  3614 | D:5      | XOM: cast spell 'Alistair's Intoxication'
  3661 | D:5      | Reached XP level 8. HP: 56/71 MP: 7/7
  3745 | D:5      | Found a blossoming altar of Fedhas.
  3787 | D:5      | Reached skill level 5 in Dodging
  3837 | D:5      | XOM: smoke on damage
  4381 | D:6      | XOM: silly message
  4396 | D:6      | Found a stormy altar of Qazlal.
  4464 | D:6      | Found a staircase to the Ecumenical Temple.
  4468 | D:6      | XOM: butterfly on damage
  4485 | D:6      | XOM: god gift: 51 gold pieces
  4488 | D:6      | XOM: cleaving
  4506 | Temple   | Entered the Ecumenical Temple
  4647 | D:6      | XOM: cleaving
  4658 | D:6      | XOM: give mutations
  4658 | D:6      | Gained mutation: You possess an exceptional clarity of
                  | mind. [Xom's grace]
  4658 | D:6      | Gained mutation: You have hidden genetic potential. [Xom's
                  | grace]
  4666 | D:6      | XOM: give mutations
  4666 | D:6      | Gained mutation: You are mostly covered in iridescent
                  | scales. (AC +4) [Xom's grace]
  4666 | D:6      | Gained mutation: You have hoof-like feet. [Xom's grace]
  4666 | D:6      | Gained mutation: Your muscles are very strong. (Str +8,
                  | Int/Dex -2) [Xom's grace]
  4666 | D:6      | Gained mutation: You are strong-willed. (Will+) [Xom's
                  | grace]
  4710 | D:6      | Noticed Jeremiah
  4718 | D:6      | XOM: summons friendly shadow imp
  4741 | D:6      | Killed Jeremiah
  4940 | D:6      | Reached XP level 9. HP: 75/79 MP: 8/8
  4946 | D:6      | XOM: 4-stop teleportation journey
  5272 | D:6      | XOM: give mutations
  5272 | D:6      | Gained mutation: Armour fits poorly on your strangely
                  | shaped body. [Xom's mischief]
  5272 | D:6      | Lost mutation: You are strong-willed. (Will+) [Xom's
                  | mischief]
  5558 | D:6      | Found a runed translucent door.
  5559 | D:6      | Noticed Crazy Yiuf
  5565 | D:6      | Killed Crazy Yiuf
  5583 | D:6      | XOM: god gift: bubbling dark potion {god gift}
  5656 | D:7      | Found a flagged portal.
  5670 | Bailey   | Entered a bailey
  5687 | Bailey   | XOM: potion effect (invisibility)
  5722 | Bailey   | XOM: cloud trail
  5922 | Bailey   | Gained mutation: You are agile. (Dex +4, Str/Int -1)
                  | [hidden potential]
  6276 | Bailey   | Identified the +7 broad axe "Grim" {freeze, *Noise rPois
                  | rC- Int+7}
  6281 | Bailey   | Noticed an orc knight
  6290 | Bailey   | Killed an orc knight
  6291 | Bailey   | Reached skill level 10 in Axes
  6344 | Bailey   | XOM: give mutations
  6344 | Bailey   | Gained mutation: You expend magic power (3 MP) to
                  | strengthen your wands. [Xom's grace]
  6344 | Bailey   | Gained mutation: You have a pair of large horns on your
                  | head. [Xom's grace]
  6344 | Bailey   | Gained mutation: Your flesh is heat resistant. (rF+) [Xom's
                  | grace]
  6474 | Bailey   | Got Kaniy's Excursus on Meteoric Hail
  6486 | D:7      | Acquired the +1 scale mail of Immorality {Regen+ Int+2}
  6503 | D:7      | Acquired a manual of Armour
  6549 | D:7      | XOM: noise
  6566 | D:7      | XOM: confuse monster(s)
  6585 | D:7      | Found a sparkling altar of Nemelex Xobeh.
  6590 | D:7      | XOM: potion effect (berserk rage)
  6598 | D:7      | Reached XP level 10. HP: 90/90 MP: 9/9
  6806 | D:7      | Found a shimmering blue altar of Sif Muna.
  6865 | D:7      | XOM: 1-stop teleportation journey
  6920 | D:7      | XOM: potion effect (brilliance)
  6973 | D:7      | XOM: silly message
  7105 | D:7      | Found a basalt altar of Yredelemnul.
  7128 | D:7      | XOM: smoke on damage
  7252 | D:7      | Found a hide-covered altar of Uskayaw.
  7278 | D:7      | Gained mutation: You are completely covered in iridescent
                  | scales. (AC +6) [hidden potential]
  7278 | D:7      | Lost mutation: You have hidden genetic potential. [hidden
                  | potential expressed]
  7281 | D:7      | XOM: divination: detect creatures
  7346 | D:8      | XOM: fake destruction
  7360 | D:8      | XOM: scenery: create altars
  7564 | D:8      | Identified the +9 ring mail of Too Many Cooks {Harm}
  7703 | D:8      | XOM is BORED!
  7703 | D:8      | XOM: give mutations
  7703 | D:8      | Lost mutation: You are agile. (Dex +4, Str/Int -1) [Xom's
                  | mischief]
  7703 | D:8      | Lost mutation: You possess an exceptional clarity of mind.
                  | [Xom's mischief]
  7703 | D:8      | Lost mutation: Armour fits poorly on your strangely shaped
                  | body. [Xom's mischief]
  7807 | D:8      | Noticed Grum
  7813 | D:8      | XOM: fog
  7821 | D:8      | Killed Grum
  7821 | D:8      | XOM: enchant monster (good)
  8187 | D:9      | Reached skill level 10 in Armour
  8351 | D:9      | Found a hazy altar of Hepliaklqana.
  8385 | D:9      | Noticed Maurice
  8385 | D:9      | Paralysed by Maurice for 2 turns
  8389 | D:9      | Paralysed by Maurice for 4 turns
  8390 | D:9      | Maurice stole 285 gold
  8397 | D:9      | Killed Maurice
  8520 | D:9      | Found a transporter.
  8522 | D:9      | Noticed a manticore
  8534 | D:9      | Found an ancient bone altar of Kikubaaqudgha.
  8559 | D:9      | Noticed nitefall's ghost (novice GrEE)
  8559 | D:9      | Noticed a two-headed ogre
  8571 | D:9      | Found a transporter.
  8629 | D:9      | Found Tenamiko's Jewellery Boutique.
  8981 | D:9      | XOM: summons 5 hostile demons
  8982 | D:9      | Noticed a sun demon
  8982 | D:9      | Noticed a smoke demon
  8993 | D:9      | XOM: summons 1 hostile demon
  8994 | D:9      | HP: 4/93 [smoke demon/divine providence[Xom] (9)]
  9145 | D:8      | XOM: stat loss: -1 Str (26/27)
  9322 | D:9      | Found an ornate altar of the Wu Jian Council.
  9328 | D:9      | Noticed Harold
  9328 | D:9      | XOM: enchant monster (bad)
  9377 | D:8      | XOM: summons 4 hostile shadow creatures
  9382 | D:8      | XOM: polymorph killer bee -> bullfrog
  9580 | D:8      | XOM: smoke on damage
  9580 | D:8      | XOM: torment (39/91 hp)
  9725 | D:8      | XOM: give mutations
  9725 | D:8      | Gained mutation: Your flesh is very heat resistant. (rF++)
                  | [Xom's mischief]
  9725 | D:8      | Lost mutation: Your flesh is cold resistant. (rC+) [Xom's
                  | mischief]
  9927 | D:9      | Killed Harold
  9928 | D:9      | Reached skill level 10 in Fighting
  9928 | D:9      | Reached XP level 11. HP: 95/99 MP: 10/10
 10000 | D:10     | Entered Level 10 of the Dungeon
 10047 | D:10     | XOM: enchant monster (good)
 10242 | D:10     | XOM: divination: magic mapping
 10343 | D:10     | XOM is BORED!
 10364 | D:10     | Noticed a cyan ugly thing
 10368 | D:10     | Found a runed translucent door.
 10409 | D:10     | Noticed a centaur warrior
 10409 | D:10     | Noticed a deep elf pyromancer
 10417 | D:10     | Killed a centaur warrior
 10421 | D:10     | Killed a deep elf pyromancer
 10504 | D:10     | Noticed a two-headed ogre
 10509 | D:10     | Killed a two-headed ogre
 10705 | D:10     | Noticed a boulder beetle
 10716 | D:10     | Noticed a two-headed ogre
 10722 | D:10     | Killed a two-headed ogre
 10733 | D:10     | Killed a boulder beetle
 10762 | D:10     | Noticed a two-headed ogre
 10766 | D:10     | Killed a two-headed ogre
 10793 | D:10     | XOM: 3-stop teleportation journey
 10837 | D:10     | Noticed a skeletal warrior
 10838 | D:10     | XOM: silly message
 10845 | D:10     | XOM: smoke on damage
 10846 | D:10     | Killed a skeletal warrior
 10982 | D:10     | Noticed a boulder beetle
 10982 | D:10     | Noticed a centaur warrior
 10982 | D:10     | Noticed an orc knight
 10992 | D:10     | XOM: confusion
 10994 | D:10     | Killed a boulder beetle
 11004 | D:10     | XOM: scenery: summon butterflies
 11006 | D:10     | Killed a centaur warrior
 11007 | D:10     | Reached XP level 12. HP: 26/110 MP: 11/11
 11260 | D:10     | XOM: summons 1 hostile demon
 11318 | D:10     | Noticed Sonja
 11321 | D:10     | XOM: enchant monster (bad)
 11322 | D:10     | XOM: smoke on damage
 11326 | D:10     | Killed Sonja
 11396 | D:10     | XOM: stat loss: -1 Str (27/28)
 11579 | D:10     | XOM: draining
 11807 | D:10     | Found a staircase to the Lair.
 12030 | D:10     | XOM: cast spell 'Summon Dragon'
 12039 | D:10     | Reached skill level 10 in Dodging
 12136 | D:10     | Reached skill level 15 in Axes
 12311 | D:10     | XOM: confusion
 12530 | Lair:1   | Entered Level 1 of the Lair of Beasts
 12574 | Lair:1   | Identified the ring "Sadwen" {^Drain rPois rCorr Dex+7
                  | Slay+2}
 12583 | Lair:1   | XOM: divination: magic mapping
 12610 | Lair:1   | Reached skill level 1 in Evocations
 12718 | Lair:1   | XOM: potion effect (invisibility)
 12882 | Lair:1   | Identified the +1 robe of the Game of Kings {rPois Will+
                  | Str+5 Int-4}
 13061 | Lair:1   | XOM: polymorph yak -> shapeshifter
 13069 | Lair:1   | XOM: potion effect (attraction)
 13086 | Lair:1   | XOM: scenery: summon butterflies
 13140 | Lair:1   | Reached skill level 15 in Armour
 13852 | Lair:2   | Noticed a six-headed hydra
 13865 | Lair:2   | Killed a six-headed hydra
 13866 | Lair:2   | Reached skill level 1 in Shields
 13866 | Lair:2   | Reached XP level 13. HP: 119/119 MP: 12/12
 14022 | Lair:2   | XOM: 2-stop teleportation journey
 14025 | Lair:2   | XOM: destruction
 14027 | Lair:2   | XOM: confuse monster(s)
 14090 | Lair:2   | XOM: divination: magic mapping
 14136 | Lair:2   | Identified the staff "Geamuhoemn" {rF+ rN+ Summ Necro}
 14145 | Lair:2   | XOM: enchant monster (good)
 14152 | Lair:2   | XOM: give mutations
 14152 | Lair:2   | Gained mutation: Your system is resistant to poisons.
                  | (rPois) [Xom's grace]
 14152 | Lair:2   | Lost mutation: You have hoof-like feet. [Xom's grace]
 14152 | Lair:2   | Lost mutation: You have large cloven feet. [Xom's grace]
 14152 | Lair:2   | Gained mutation: You have sharp toenails. [Xom's grace]
 14152 | Lair:2   | Gained mutation: You are robust. (+10% HP) [Xom's grace]
 14152 | Lair:2   | Gained mutation: Your flesh is almost immune to the effects
                  | of heat. (rF+++) [Xom's grace]
 14267 | Lair:2   | XOM: noise
 14431 | Lair:2   | XOM: potion effect (might)
 14452 | Lair:2   | XOM: noise
 14505 | Lair:2   | XOM: enchant monster (bad)
 14875 | Lair:3   | XOM: cast spell 'Disjunction'
 14896 | Lair:3   | XOM: 1-stop teleportation journey
 14929 | Lair:3   | XOM: divination: magic mapping
 14952 | Lair:3   | XOM: swap monsters
 15004 | Lair:3   | XOM: cast spell 'Discord'
 15007 | Lair:3   | XOM: enchant monster (bad)
 15117 | Lair:3   | XOM: noise
 15124 | Lair:3   | XOM: summons friendly ufetubus
 15253 | Lair:3   | XOM: potion effect (invisibility)
 15256 | Lair:3   | XOM: enchant monster (good)
 15263 | Lair:3   | Reached skill level 5 in Shields
 15264 | Lair:3   | Reached skill level 5 in Evocations
 15427 | Lair:3   | Found a hole to the Spider Nest.
 15655 | Lair:3   | Found a staircase to the Swamp.
 15663 | Lair:3   | XOM: potion effect (brilliance)
 16409 | Lair:4   | a four-headed hydra changed into a sphinx
 16409 | Lair:4   | Noticed a sphinx
 16409 | Lair:4   | XOM: polymorph four-headed hydra -> sphinx
 16419 | Lair:4   | Killed a sphinx
 16639 | Lair:4   | Identified the +4 cloak of Mysticism {Rampage}
 16882 | Lair:4   | XOM: give mutation
 16882 | Lair:4   | Lost mutation: You have sharp toenails. [Xom's grace]
 16882 | Lair:4   | Gained mutation: You have large cloven feet. [Xom's grace]
 16886 | Lair:4   | XOM: scenery: create altars
 16925 | Lair:5   | Entered Level 5 of the Lair of Beasts
 16936 | Lair:5   | XOM: god gift: amulet of faith
 16944 | Lair:5   | XOM: summons 3 friendly demons
 16945 | Lair:5   | XOM: 2-stop teleportation journey
 17037 | Lair:5   | Found a runed translucent door.
 17038 | Lair:5   | Noticed an acid blob
 17040 | Lair:5   | Found a staircase to the Slime Pits.
 17040 | Lair:5   | Noticed an acid blob
 17078 | Lair:5   | Noticed Nessos
 17082 | Lair:5   | Killed Nessos
 17087 | Lair:5   | Reached XP level 14. HP: 125/139 MP: 9/13
 17158 | Lair:5   | XOM: stat loss: -1 Int (6/7)
 17162 | Lair:5   | XOM: fog
 17180 | Lair:5   | XOM: 1-stop teleportation journey
 17213 | Lair:5   | XOM: destruction
 17216 | Lair:5   | XOM: cast spell 'Malign Gateway'
 17222 | Lair:5   | XOM: enchant monster (good)
 17235 | Lair:5   | XOM: destruction
 17351 | Lair:5   | XOM: god gift: ring mail {god gift}
 17419 | Lair:5   | XOM: god gift: 16 gold pieces
 17538 | Lair:5   | XOM: confuse monster(s)
 17569 | Lair:5   | XOM: confuse monster(s)
 17574 | Lair:5   | XOM: cast spell 'Cause Fear'
 17666 | Lair:5   | XOM: summons 2 friendly demons
 17667 | Lair:5   | XOM: cast spell 'Summon Small Mammal'
 17668 | Lair:5   | XOM: enchant monster (good)
 17680 | Lair:5   | XOM: cast spell 'Summon Hydra'
 17686 | Lair:5   | XOM: polymorph four-headed hydra -> four-headed hydra
 17946 | Lair:5   | Paralysed by a hornet for 3 turns
 17947 | Lair:5   | XOM: 8-stop teleportation journey
 18122 | Lair:5   | XOM: noise
 18146 | Lair:5   | XOM: summons 9 friendly demons
 18813 | D:11     | XOM: enchant monster (good)
 18884 | D:11     | XOM: give mutation
 18884 | D:11     | Gained mutation: You are somewhat resistant to further
                  | mutation. [Xom's grace]
 19097 | D:11     | Found an iron altar of Okawaru.
 19196 | D:11     | XOM: summons 2 friendly demons
 19234 | D:11     | XOM: silly message
 19245 | D:11     | XOM: silly message
 19797 | D:11     | XOM: silly message
 20018 | D:12     | XOM: 3-stop teleportation journey
 20186 | D:12     | Reached XP level 15. HP: 139/147 MP: 14/14
 20252 | D:12     | XOM: cloud trail
 20265 | D:12     | Found a staircase to the Orcish Mines.
 20620 | D:12     | XOM: noise
 20849 | D:11     | Identified the +4 kite shield "Haines" {rN+ Int+3}
 20991 | D:13     | XOM: enchant monster (good)
 20995 | D:13     | XOM: potion effect (curing)
 21182 | D:13     | XOM: cast spell 'Summon Small Mammal'
 21188 | D:13     | XOM: summons friendly white imp
 21243 | D:13     | XOM: god gift: amulet of regeneration
 21324 | D:13     | Reached skill level 15 in Dodging
 21324 | D:13     | Found a gate to the Vaults.
 21587 | D:13     | XOM: divination: magic mapping
 21887 | D:14     | XOM: potion effect (curing)
 21892 | D:14     | Noticed Agnes
 21896 | D:14     | XOM: silly message
 21897 | D:14     | XOM: silly message
 21899 | D:14     | Killed Agnes
 21985 | D:14     | XOM is BORED!
 21985 | D:14     | XOM: silly message
 21992 | D:14     | Found a portal to a secret trove of treasure.
 22551 | D:15     | Entered Level 15 of the Dungeon
 22810 | D:15     | XOM: enchant monster (good)
 22998 | D:15     | XOM: cast spell 'Summon Small Mammal'
 23003 | D:15     | Found a staircase to the Depths.
 23179 | D:15     | Reached skill level 10 in Evocations
 23376 | D:9      | Killed nitefall's ghost
 23518 | Orc:1    | Entered Level 1 of the Orcish Mines
 23520 | Orc:1    | XOM: 1-stop teleportation journey
 23524 | Orc:1    | Noticed Urug
 23531 | Orc:1    | Killed Urug
 23537 | Orc:1    | XOM: enchant monster (good)
 23608 | Orc:1    | XOM: give mutations
 23608 | Orc:1    | Gained mutation: You possess an exceptional clarity of
                  | mind. [Xom's grace]
 23608 | Orc:1    | Gained mutation: You are resistant to electric shocks.
                  | (rElec) [Xom's grace]
 23608 | Orc:1    | Gained mutation: Your spells are a little harder to cast,
                  | but a little more powerful. [Xom's grace]
 23608 | Orc:1    | Gained mutation: Your mind is acute. (Int +4, Str/Dex -1)
                  | [Xom's grace]
 23726 | Orc:1    | XOM: scenery: create altars
 23729 | Orc:1    | Paralysed by an orc sorcerer for 2 turns
 23840 | Orc:1    | Found a large runed translucent door.
 23841 | Orc:1    | Found a large runed translucent door.
 23844 | Orc:1    | Noticed nitefall's ghost (journeyman MiBe)
 23858 | Orc:1    | Killed nitefall's ghost
 23901 | Orc:2    | Entered Level 2 of the Orcish Mines
 23901 | Orc:2    | Found Zirieng's General Store.
 23911 | Orc:2    | Reached XP level 16. HP: 155/155 MP: 15/15
 23911 | Orc:2    | XOM: fog
 23913 | Orc:2    | Reached skill level 10 in Shields
 23918 | Orc:2    | XOM: smoke on damage
 23922 | Orc:2    | XOM: enchant monster (bad)
 23994 | Orc:2    | Found a frozen archway.
 23996 | Orc:2    | XOM: give mutations
 23996 | Orc:2    | Lost mutation: Your system is resistant to poisons. (rPois)
                  | [Xom's mischief]
 23996 | Orc:2    | Lost mutation: Your flesh is almost immune to the effects
                  | of heat. (rF+++) [Xom's mischief]
 23996 | Orc:2    | Lost mutation: You are robust. (+10% HP) [Xom's mischief]
 24020 | IceCv    | Entered an ice cave
 24098 | IceCv    | XOM: summons 5 hostile demons
 24137 | IceCv    | XOM: 1-stop teleportation journey
 24141 | IceCv    | XOM: stat loss: -1 Int (13/14)
 24271 | IceCv    | Found a viscous altar of Jiyva.
 24315 | IceCv    | Identified the +1 ice dragon scales "Pesic" {rF- rC++ rN+
                  | Will+}
 24324 | IceCv    | Identified the +11 ice dragon scales of the Other Side
                  | {-Tele rF- rC++ rN+ Int+4 Dex+2}
 24380 | IceCv    | XOM: polymorph slime creature -> elephant
 24395 | IceCv    | XOM: polymorph slime creature -> tyrant leech
 24526 | IceCv    | XOM is BORED!
 24526 | IceCv    | XOM: summons 4 hostile shadow creatures
 24675 | Orc:2    | Found Ocom's Jewellery Shop.
 24696 | Orc:2    | Found a staircase to the Elven Halls.
 24705 | Orc:2    | XOM: repel stairs
 24738 | Orc:2    | Paralysed by an orc sorcerer for 4 turns
 24761 | Orc:2    | Found a transporter.
 24808 | Orc:2    | Found Puha's Antique Armour Shoppe.
 24816 | Orc:1    | Noticed Erica
 24820 | Orc:1    | Killed Erica
 24856 | Orc:1    | XOM: silly message
 24951 | Orc:2    | Bought a distressingly furry chain mail for 199 gold pieces
 24951 | Orc:2    | Identified the +5 chain mail of Duty {Will+} (You bought it
                  | in a shop on level 2 of the Orcish Mines)
 24956 | Orc:2    | XOM: stat loss: -1 Dex (18/19)
 24970 | Orc:2    | Found Joazid's Antique Weapon Boutique.
 24988 | Orc:2    | XOM: swap monsters
 25107 | Orc:2    | Found Hionkir's Antique Weapon Boutique.
 25158 | Orc:2    | XOM: summons 9 hostile demons
 25288 | Orc:2    | Found a transporter.
 25334 | Orc:2    | XOM: polymorph two-headed ogre -> glowing shapeshifter
 25917 | Lair:5   | Killed an acid blob
 25924 | Lair:5   | Killed an acid blob
 26155 | Swamp:1  | Entered Level 1 of the Swamp
 26159 | Swamp:1  | XOM: divination: detect creatures
 26391 | Swamp:1  | Found a large runed translucent door.
 26392 | Swamp:1  | Found a large runed translucent door.
 26398 | Swamp:1  | Noticed TangoThomas's ghost (adept DsHs)
 26411 | Swamp:1  | XOM: fake destruction
 26431 | Swamp:1  | Killed TangoThomas's ghost
 26467 | Swamp:1  | XOM: enchant monster (good)
 26556 | Swamp:1  | XOM: god gift: 39 gold pieces
 26600 | Swamp:1  | XOM: cleaving
 26606 | Swamp:1  | XOM: divination: detect creatures
 26608 | Swamp:1  | XOM: destruction
 26645 | Swamp:1  | XOM: confuse monster(s)
 26688 | Swamp:1  | XOM: fog
 26737 | Swamp:1  | XOM: noise
 26802 | Swamp:1  | XOM: give mutations
 26802 | Swamp:1  | Lost mutation: You have a pair of large horns on your head.
                  | [Xom's mischief]
 26802 | Swamp:1  | Lost mutation: Your flesh is very heat resistant. (rF++)
                  | [Xom's mischief]
 26802 | Swamp:1  | Lost mutation: You are resistant to electric shocks.
                  | (rElec) [Xom's mischief]
 26896 | Swamp:1  | XOM: smoke on damage
 27001 | Swamp:1  | XOM: summons 9 hostile demons
 27132 | Swamp:1  | XOM: noise
 27166 | Swamp:1  | XOM: give mutations
 27166 | Swamp:1  | Gained mutation: Your system is resistant to poisons.
                  | (rPois) [Xom's mischief]
 27166 | Swamp:1  | Lost mutation: Your mind is acute. (Int +4, Str/Dex -1)
                  | [Xom's mischief]
 27166 | Swamp:1  | Gained mutation: You are clumsy. (Dex -2) [Xom's mischief]
 27271 | Swamp:2  | XOM: chaos upgrade
 27281 | Swamp:2  | Reached XP level 17. HP: 78/148 MP: 16/16
 27286 | Swamp:2  | XOM: repel stairs
 27410 | Swamp:2  | XOM: summons 6 hostile demons
 27455 | Swamp:2  | Identified the +0 tower shield "Fexob" {+Blink rF+ rN++
                  | Dex-2}
 27455 | Swamp:2  | Noticed Louise
 27460 | Abyss:3  | Cast into level 3 of the Abyss (Louise)
 27502 | Abyss:3  | Found a corrupted altar of Lugonu.
 27502 | Abyss:3  | Noticed a kraken
 27517 | Abyss:3  | Killed a kraken
 27536 | Abyss:3  | XOM: blink monster(s)
 27537 | Abyss:3  | XOM: give mutations
 27537 | Abyss:3  | Lost mutation: Your system is resistant to poisons. (rPois)
                  | [Xom's mischief]
 27537 | Abyss:3  | Gained mutation: You are strong-willed. (Will+) [Xom's
                  | mischief]
 27537 | Abyss:3  | Noticed a tentacled monstrosity
 27539 | Abyss:3  | Noticed a tentacled monstrosity
 27545 | Abyss:3  | XOM: silly message
 27547 | Abyss:3  | Killed a tentacled monstrosity
 27554 | Abyss:3  | Killed a tentacled monstrosity
 27564 | Abyss:3  | Got an abyssal rune of Zot
 27594 | Swamp:2  | Escaped the Abyss
 27610 | Swamp:2  | Killed Louise
 27949 | Swamp:3  | XOM: blink monster(s)
 28125 | Swamp:3  | Noticed Jorgrun
 28134 | Swamp:3  | XOM: fake destruction
 28143 | Swamp:3  | Killed Jorgrun
 28412 | Swamp:3  | XOM: polymorph bunyip -> shapeshifter
 28500 | Swamp:4  | Entered Level 4 of the Swamp
 28504 | Swamp:4  | XOM: swap monsters
 28561 | Swamp:4  | XOM: smoke on damage
 28781 | Swamp:4  | XOM: summons friendly ufetubus
 28825 | Swamp:4  | XOM: summons 3 friendly demons
 28831 | Swamp:4  | XOM: chaos upgrade
 28879 | Swamp:4  | XOM: summons 9 hostile demons
 29140 | Swamp:4  | XOM: summons friendly shadow imp
 29147 | Swamp:4  | XOM: scenery: create altars
 29159 | Swamp:4  | XOM: cast spell 'Summon Cactus Giant'
 29167 | Swamp:4  | XOM: enchant monster (good)
 29170 | Swamp:4  | Noticed the 27-headed Lernaean hydra
 29172 | Swamp:4  | XOM: cast spell 'Olgreb's Toxic Radiance'
 29181 | Swamp:4  | XOM: noise
 29183 | Swamp:4  | Killed the 20-headed Lernaean hydra
 29367 | Swamp:4  | XOM: give mutation
 29367 | Swamp:4  | Lost mutation: Your spells are a little harder to cast, but
                  | a little more powerful. [Xom's mischief]
 29377 | Swamp:4  | XOM: cast spell 'Summon Ice Beast'
 29379 | Swamp:4  | Reached skill level 15 in Shields
 29380 | Swamp:4  | XOM: noise
 29409 | Swamp:4  | Got a decaying rune of Zot
 29594 | Spider:1 | Entered Level 1 of the Spider Nest
 29598 | Spider:1 | XOM: noise
 29614 | Spider:1 | Noticed Frances
 29624 | Spider:1 | Killed Frances
 29698 | Spider:1 | XOM: stat loss: -1 Int (10/11)
 29701 | Spider:1 | XOM: swap monsters
 29713 | Spider:1 | XOM: noise
 29723 | Spider:1 | Reached XP level 18. HP: 118/155 MP: 17/17
 29760 | Spider:1 | Got the Annotations on Deathly Jinxing
 29995 | Spider:1 | Found the +1 Delatra's gloves {ID++}
 30216 | Spider:2 | XOM: confuse monster(s)
 30347 | Spider:2 | XOM: summons 4 friendly demons
 30364 | Spider:2 | XOM: cast spell 'Monstrous Menagerie'
 30384 | Spider:2 | XOM: cast spell 'Summon Ice Beast'
 30419 | Spider:2 | XOM: noise
 30759 | Spider:2 | XOM: enchant monster (good)
 30977 | Spider:2 | XOM: noise
 31158 | Spider:2 | XOM: give mutations
 31158 | Spider:2 | Gained mutation: Your flesh is very heat resistant. (rF++)
                  | [Xom's mischief]
 31158 | Spider:2 | Gained mutation: Your movements are slightly less
                  | encumbered by armour. (ER -2) [Xom's mischief]
 31158 | Spider:2 | Lost mutation: You are strong-willed. (Will+) [Xom's
                  | mischief]
 31158 | Spider:2 | Lost mutation: You are clumsy. (Dex -2) [Xom's mischief]
 31394 | Spider:2 | XOM: summons 10 hostile demons
 31695 | Spider:2 | XOM: summons 4 hostile shadow creatures
 31820 | Spider:3 | XOM: repel stairs
 31824 | Spider:3 | XOM: summons 4 hostile shadow creatures
 31829 | Spider:3 | XOM: silly message
 31832 | Spider:3 | XOM: noise
 31836 | Spider:3 | XOM: enchant monster (bad)
 31969 | Spider:2 | XOM: stat loss: -1 Int (10/11)
 32154 | Spider:3 | XOM: divine lightning
 32294 | Spider:3 | XOM: give mutations
 32294 | Spider:3 | Gained mutation: You occasionally shout uncontrollably at
                  | your foes. [Xom's mischief]
 32294 | Spider:3 | Lost mutation: You expend magic power (3 MP) to strengthen
                  | your wands. [Xom's mischief]
 32294 | Spider:3 | Lost mutation: You are somewhat resistant to further
                  | mutation. [Xom's mischief]
 32469 | Spider:3 | XOM: give mutations
 32469 | Spider:3 | Gained mutation: You are agile. (Dex +4, Str/Int -1) [Xom's
                  | grace]
 32469 | Spider:3 | Gained mutation: You have hoof-like feet. [Xom's grace]
 32469 | Spider:3 | Gained mutation: You have an increased reservoir of magic.
                  | (+10% MP) [Xom's grace]
 32469 | Spider:3 | Gained mutation: You are strong-willed. (Will+) [Xom's
                  | grace]
 32536 | Spider:3 | XOM: enchant monster (good)
 32883 | Spider:4 | Entered Level 4 of the Spider Nest
 32887 | Spider:4 | XOM: divine lightning
 32901 | Spider:4 | XOM: scenery: create altars
 32903 | Spider:4 | XOM: confuse monster(s)
 33165 | Spider:4 | Identified the ring "Ulelip" {Will+ MP+9 Dex+3}
 33220 | Spider:4 | XOM: enchant monster (good)
 33223 | Spider:4 | XOM: cleaving
 33266 | Spider:4 | Reached XP level 19. HP: 123/161 MP: 19/19
 33324 | Spider:4 | Identified the +3 chain mail of Ru's Approval {Will+}
 33344 | Spider:4 | XOM: summons 4 hostile shadow creatures
 33410 | Spider:4 | XOM: silly message
 33823 | Spider:4 | XOM: polymorph redback -> wind drake
 33829 | Spider:4 | XOM: summons 2 friendly demons
 33830 | Spider:4 | XOM: summons 6 friendly demons
 33834 | Spider:4 | XOM: divine lightning
 33861 | Spider:4 | XOM: scenery: summon butterflies
 34060 | Spider:4 | XOM: polymorph tarantella -> eye of devastation
 34281 | Spider:4 | Got a gossamer rune of Zot
 34288 | Spider:4 | Identified the scarf of Yppaena Pucs {+Inv, Will+}
 34722 | D:14     | XOM: give mutations
 34722 | D:14     | Gained mutation: You are robust. (+10% HP) [Xom's grace]
 34722 | D:14     | Gained mutation: You have a pair of large horns on your
                  | head. [Xom's grace]
 34722 | D:14     | Gained mutation: Your system is resistant to poisons.
                  | (rPois) [Xom's grace]
 34739 | D:14     | You paid a toll of 2 scrolls of acquirement to enter a
                  | treasure trove
 34740 | Trove    | Entered a treasure trove
 34747 | Trove    | Identified the +1 pair of boots of Cheibriados {SInv}
 34749 | Trove    | Identified the amulet "Taemno Qein" {Reflect ^Drain Will++
                  | Regen+ Int+3 SH+5}
 34906 | Vaults:1 | Entered Level 1 of the Vaults
 34924 | Vaults:1 | XOM: noise
 34934 | Vaults:1 | XOM: swap monsters
 35528 | Vaults:1 | XOM: divination: magic mapping
 35617 | Vaults:1 | XOM: noise
 35624 | Vaults:1 | XOM: silly message
 35792 | Vaults:1 | XOM: silly message
 36096 | Vaults:2 | XOM is BORED!
 36096 | Vaults:2 | XOM: enchant monster (bad)
 36097 | Vaults:2 | XOM: divination: magic mapping
 36098 | Vaults:2 | XOM: enchant monster (good)
 36251 | Vaults:2 | Found a staircase to the Crypt.
 36251 | Vaults:2 | Found an ancient bone altar of Kikubaaqudgha.
 36251 | Vaults:2 | Found a basalt altar of Yredelemnul.
 36305 | Vaults:2 | Noticed Sojobo
 36308 | Vaults:2 | Paralysed by an air elemental for 1 turns
 36316 | Vaults:2 | XOM: summons friendly shadow imp
 36319 | Vaults:2 | Killed Sojobo
 36348 | Vaults:2 | Noticed Jory
 36375 | Vaults:2 | Killed Jory
 36502 | Vaults:2 | XOM: cast spell 'Olgreb's Toxic Radiance'
 36654 | Vaults:2 | XOM: divination: detect items
 36784 | Vaults:2 | XOM: enchant monster (good)
 36803 | Vaults:2 | XOM: confuse monster(s)
 36823 | Vaults:2 | Reached XP level 20. HP: 182/190 MP: 21/21
 36840 | Vaults:2 | Identified the +2 short sword of Calamity {flame, Str+3}
 37466 | Vaults:3 | Identified the ring of Femihar {rC+ rN+ Str+8 Int-2 Slay+5}
 37497 | Vaults:3 | Found Oghuxtish's Antique Weapon Boutique.
 37498 | Vaults:3 | XOM: silly message
 37601 | Vaults:3 | XOM: cloud trail
 37747 | Vaults:3 | XOM: polymorph dire elephant -> deep troll
 38050 | Vaults:3 | XOM: silly message
 38457 | Vaults:4 | XOM: cast spell 'Alistair's Intoxication'
 38509 | Vaults:4 | XOM: scenery: 3 doors open
 38546 | Vaults:4 | Identified the +0 robe "Dumneset" {^Contam rC++}
 38569 | Vaults:4 | XOM: divination: detect creatures
 38573 | Vaults:4 | XOM: enchant monster (good)
 38664 | Vaults:4 | Reached skill level 15 in Fighting
 38687 | Vaults:4 | XOM: cloud trail
 38742 | Vaults:4 | XOM: summons friendly iron imp
 38750 | Vaults:4 | XOM: cast spell 'Death Channel'
 38908 | Vaults:4 | XOM: summons friendly shadow imp
 38927 | Vaults:4 | XOM: polymorph shadow imp -> cerulean imp
 39096 | Vaults:4 | XOM: cloud trail
 39111 | Vaults:4 | XOM: enchant monster (bad)
 39172 | Vaults:4 | XOM: summons 3 friendly demons
 39177 | Vaults:4 | XOM: scenery: summon butterflies
 39396 | Vaults:4 | XOM: give mutations
 39396 | Vaults:4 | Lost mutation: You have hoof-like feet. [Xom's mischief]
 39396 | Vaults:4 | Lost mutation: You are strong-willed. (Will+) [Xom's
                  | mischief]
 39396 | Vaults:4 | Lost mutation: You are robust. (+10% HP) [Xom's mischief]
 39396 | Vaults:4 | Lost mutation: Your system is resistant to poisons. (rPois)
                  | [Xom's mischief]
 39489 | Vaults:1 | XOM: god gift: 39 gold pieces
 39579 | Depths:1 | Entered Level 1 of the Depths
 39579 | Depths:1 | Noticed Norris
 39586 | Depths:1 | Killed Norris
 39587 | Depths:1 | Reached XP level 21. HP: 180/185 MP: 17/22
 39634 | Depths:1 | XOM: summons friendly ufetubus
 39640 | Depths:1 | XOM: polymorph deep troll earth mage -> fire dragon
 39671 | Depths:1 | Found a one-way gateway to a ziggurat.
 39712 | Depths:1 | XOM: divination: detect creatures
 39727 | Depths:1 | XOM: silly message
 39753 | Depths:1 | Found a broken altar of Ashenzari.
 39839 | Depths:1 | XOM: divination: detect creatures
 39932 | Depths:1 | Lost mutation: Your muscles are very strong. (Str +8,
                  | Int/Dex -2) [mutagenic glow]
 39946 | Depths:1 | XOM: potion effect (berserk rage)
 40048 | Depths:1 | Found a gateway to Hell.
 40048 | Depths:1 | Noticed Margery
 40065 | Depths:1 | Killed Margery
 40071 | Depths:1 | XOM: potion effect (brilliance)
 40085 | Depths:1 | XOM: confuse monster(s)
 40133 | Depths:1 | XOM: noise
 40236 | Depths:1 | XOM: cast spell 'Summon Small Mammal'
 40255 | Depths:1 | XOM: potion effect (invisibility)
 40272 | Depths:1 | Found Wizevva's Book Shop.
 40273 | Depths:1 | Found Pudweqeg's Jewellery Shoppe.
 40275 | Depths:1 | Found Wonuppuo's Book Shop.
 40306 | Depths:1 | XOM: divination: magic mapping
 40535 | Depths:2 | XOM: silly message
 40750 | Depths:2 | XOM: silly message
 40841 | Depths:2 | XOM: divination: detect creatures
 40850 | Depths:2 | XOM: enchant monster (good)
 41100 | Depths:2 | XOM: divination: magic mapping
 41286 | Depths:2 | You fall into a shaft and drop 1 floor!
 41286 | Depths:3 | Found a one-way gate to the infinite horrors of the Abyss.
 41286 | Depths:3 | XOM: summons 2 friendly demons
 41296 | Depths:3 | XOM: cast spell 'Summon Small Mammal'
 41299 | Depths:3 | XOM: confuse monster(s)
 41310 | Depths:3 | Found Gozag's Assorted Antiques.
 41358 | Depths:3 | Found an opulent altar of Gozag.
 41358 | Depths:3 | Noticed a golden dragon
 41362 | Depths:3 | Found Gozag's Assorted Antiques.
 41383 | Depths:3 | Found Gozag's Antique Armour Emporium.
 41390 | Depths:3 | XOM: confuse monster(s)
 41412 | Depths:3 | XOM: enchant monster (bad)
 41417 | Depths:3 | XOM: summons friendly iron imp
 41446 | Depths:3 | XOM: chaos upgrade
 41515 | Depths:3 | a golden dragon changed into a shapeshifter
 41515 | Depths:3 | XOM: polymorph golden dragon -> shapeshifter
 41516 | Depths:3 | a shapeshifter changed into a golden dragon
 41516 | Depths:3 | Noticed a golden dragon (shapeshifter)
 41526 | Depths:3 | Killed a golden dragon
 41668 | Depths:3 | Found a one-way gate leading to the halls of Pandemonium.
 42042 | Depths:2 | XOM: blink monster(s)
 42203 | Depths:2 | Got the Papyrus of the Crucible and Sciomancy
 42212 | Depths:2 | Got the Tome of the Brume
 42265 | Depths:2 | Reached XP level 22. HP: 200/200 MP: 23/23
 42273 | Depths:2 | XOM: chaos upgrade
 42280 | Depths:2 | XOM: confuse monster(s)
 42407 | Depths:2 | XOM: give mutations
 42407 | Depths:2 | Gained mutation: You are resistant to electric shocks.
                  | (rElec) [Xom's grace]
 42407 | Depths:2 | Gained mutation: Your natural rate of healing is unusually
                  | fast. [Xom's grace]
 42489 | Depths:2 | XOM: divination: detect items
 42574 | Depths:2 | XOM: divination: detect creatures
 42593 | Depths:2 | XOM: confuse monster(s)
 43069 | Depths:3 | XOM: silly message
 43100 | Depths:3 | Found an ancient bone altar of Kikubaaqudgha.
 43101 | Depths:3 | XOM: silly message
 43263 | D:15     | XOM: divination: detect creatures
 43362 | Depths:4 | Entered Level 4 of the Depths
 43372 | Depths:4 | Noticed a golden dragon
 43379 | Depths:4 | Noticed a golden dragon
 43383 | Depths:4 | XOM: divination: magic mapping
 43386 | Depths:4 | XOM: destruction
 43388 | Depths:4 | Killed a golden dragon
 43402 | Depths:4 | Killed a golden dragon
 43414 | Depths:4 | Noticed a golden dragon
 43422 | Depths:4 | Identified the ring of Utsi Zuck {Ice rPois rN+ Will+
                  | Int-3}
 43422 | Depths:4 | Identified the death talisman of Peek-a-Boo {Dex+4}
 43422 | Depths:4 | Noticed Josephina
 43428 | Depths:4 | XOM: scenery: summon butterflies
 43430 | Depths:3 | Killed a golden dragon
 43586 | Depths:3 | Killed Josephina
 43874 | Depths:4 | Found a gate to the Realm of Zot.
 43891 | Depths:4 | XOM: noise
 43907 | Depths:4 | Noticed Boris
 43917 | Depths:4 | Killed Boris
 43931 | Depths:4 | Found Qehuny's Superior Scales.
 44508 | Elf:1    | Entered Level 1 of the Elven Halls
 44518 | Elf:1    | XOM: swap monsters
 44613 | Elf:1    | XOM: divination: detect creatures
 44662 | Elf:1    | XOM: destruction
 45390 | Elf:2    | Paralysed by an air elemental for 1 turns
 45397 | Elf:2    | Found Ipiav's Armour Emporium.
 45442 | Elf:2    | XOM: swap monsters
 45475 | Elf:2    | XOM: give mutation
 45475 | Elf:2    | Lost mutation: You are resistant to electric shocks.
                  | (rElec) [Xom's mischief]
 45513 | Elf:2    | XOM: give mutations
 45513 | Elf:2    | Lost mutation: You have large cloven feet. [Xom's mischief]
 45513 | Elf:2    | Lost mutation: You have a pair of large horns on your head.
                  | [Xom's mischief]
 45513 | Elf:2    | Gained mutation: You frequently scream uncontrollably at
                  | your foes. [Xom's mischief]
 45783 | Elf:2    | Found a runed translucent gate.
 45784 | Elf:2    | Found a runed translucent gate.
 45784 | Elf:2    | Found a runed translucent gate.
 45851 | Elf:2    | Acquired the +8 broad axe "Boehyim" {drain, rF++ rN+ Str-5
                  | Stlth+}
 45913 | Elf:2    | Reached XP level 23. HP: 211/211 MP: 24/24
 45997 | Elf:2    | Noticed Donald
 46006 | Elf:2    | Killed Donald
 46077 | Elf:2    | XOM: god gift: 53 gold pieces
 46082 | Elf:2    | XOM: give mutations
 46082 | Elf:2    | Gained mutation: You passively map a small area around you.
                  | [Xom's grace]
 46082 | Elf:2    | Gained mutation: You are strong-willed. (Will+) [Xom's
                  | grace]
 46271 | Elf:2    | XOM: scenery: 2 fountains blood, 3 doors close
 46417 | Elf:3    | Entered Level 3 of the Elven Halls
 46708 | Elf:3    | Found a radiant altar of Vehumet.
 46947 | Elf:3    | XOM: give mutations
 46947 | Elf:3    | Gained mutation: Your system is resistant to poisons.
                  | (rPois) [Xom's grace]
 46947 | Elf:3    | Gained mutation: You have a considerably increased
                  | reservoir of magic. (+20% MP) [Xom's grace]
 46984 | Elf:3    | Noticed Asterion
 46996 | Elf:3    | XOM: scenery: summon butterflies
 47004 | Elf:3    | Killed Asterion
 47014 | Elf:3    | XOM: cast spell 'Cause Fear'
 47141 | Elf:3    | XOM: god gift: chain mail {god gift}
 47229 | Elf:3    | XOM: cast spell 'Animate Armour'
 47244 | Elf:3    | XOM: confuse monster(s)
 47245 | Elf:3    | XOM: destruction
 47257 | Elf:3    | XOM: polymorph deep elf sorcerer -> torpor snail
 47275 | Elf:3    | Identified the +4 hand axe "Tegrust" {freeze, rElec Str+4
                  | Stlth-}
 47275 | Elf:3    | Identified the amulet "Gikudoit" {rN++ Regen+ Int+4 Slay-2}
 47276 | Elf:3    | XOM: god gift: potion of curing
 47299 | Elf:3    | Identified the +4 short sword "Isozer" {freeze, rN+ Str+6
                  | Int-2}
 47406 | Elf:3    | XOM: give mutations
 47406 | Elf:3    | Gained mutation: You have large cloven feet. [Xom's grace]
 47406 | Elf:3    | Gained mutation: You are very agile. (Dex +8, Str/Int -2)
                  | [Xom's grace]
 47406 | Elf:3    | Gained mutation: You are robust. (+10% HP) [Xom's grace]
 47552 | Elf:3    | Identified the ring "Feaqibruug" {EV+5 Int+3}
 47559 | Elf:3    | Found the +3 giant club "Skullcrusher" {speed, Str+7}
 47565 | Elf:3    | Identified the staff of Resonant Guilt {Will+ Earth}
 47568 | Elf:3    | Identified the +1 robe "Xufoir" {-Cast Rampage rPois Str+5}
 47572 | Elf:3    | Got Peruafi's Incunabulum of the Union and Rime
 47624 | Elf:3    | XOM: god gift: orb of light
 48069 | D:13     | XOM: give mutations
 48069 | D:13     | Gained mutation: Your muscles are very strong. (Str +8,
                  | Int/Dex -2) [Xom's grace]
 48069 | D:13     | Lost mutation: You have large cloven feet. [Xom's grace]
 48069 | D:13     | Gained mutation: You have sharp toenails. [Xom's grace]
 48069 | D:13     | Gained mutation: Your mind is acute. (Int +4, Str/Dex -1)
                  | [Xom's grace]
 48069 | D:13     | Gained mutation: Your flesh is cold resistant. (rC+) [Xom's
                  | grace]
 48186 | Crypt:1  | Entered Level 1 of the Crypt
 48228 | Crypt:1  | XOM: summons friendly iron imp
 48236 | Crypt:1  | XOM: god gift: 513 gold pieces
 48288 | Crypt:1  | Reached skill level 27 in Armour
 48288 | Crypt:1  | XOM: destruction
 48293 | Crypt:1  | XOM: chaos upgrade
 48299 | Crypt:1  | XOM: silly message
 48634 | Crypt:1  | XOM: summons 3 hostile demons
 48847 | Crypt:2  | XOM: god gift: wand of mindburst (10)
 48909 | Crypt:2  | XOM: summons 7 hostile demons
 48942 | Crypt:2  | XOM: swap monsters
 49105 | Crypt:2  | XOM: summons 1 hostile demon
 49198 | Crypt:2  | XOM: noise
 49331 | Crypt:2  | Noticed a royal mummy
 49342 | Crypt:2  | Killed a royal mummy
 49343 | Crypt:2  | XOM: give mutation
 49343 | Crypt:2  | Lost mutation: Your muscles are very strong. (Str +8,
                  | Int/Dex -2) [Xom's mischief]
 49353 | Crypt:2  | Noticed a royal mummy
 49359 | Crypt:2  | XOM: god gift: 20 gold pieces
 49365 | Crypt:2  | Killed a royal mummy
 49365 | Crypt:2  | Noticed a royal mummy
 49372 | Crypt:2  | Killed a royal mummy
 49477 | Crypt:2  | Found the +7 sceptre of Torment {pain, torment}
 49654 | Crypt:3  | Entered Level 3 of the Crypt
 49670 | Crypt:3  | XOM: confuse monster(s)
 49728 | Crypt:3  | XOM: swap monsters
 49731 | Crypt:3  | XOM: summons 3 hostile demons
 49732 | Crypt:3  | XOM: destruction
 49770 | Crypt:3  | XOM: cleaving
 49934 | Crypt:3  | Reached XP level 24. HP: 245/247 MP: 26/26
 49935 | Crypt:3  | XOM: fog
 49942 | Crypt:3  | XOM: summons friendly soul eater
 50171 | Crypt:3  | XOM: god gift: 48 gold pieces
 50200 | Crypt:3  | XOM: scenery: 2 doors close
 50207 | Crypt:3  | Found a basalt altar of Yredelemnul.
 50210 | Crypt:3  | Found an ancient bone altar of Kikubaaqudgha.
 50253 | Crypt:3  | Identified the ring of the Villain {*Slow MP+9 Str+2 SInv}
 50307 | Crypt:3  | Got the Incunable of the Crypt
 50571 | Crypt:3  | XOM: summons friendly crimson imp
 50667 | Crypt:3  | Noticed Xtahua
 50680 | Crypt:3  | XOM: god gift: +0 broad axe of flaming
 50682 | Crypt:3  | Killed Xtahua
 50865 | Crypt:3  | Found a staircase to the Tomb.
 51209 | Vaults:4 | XOM: cloud trail
 51215 | Vaults:5 | Entered Level 5 of the Vaults
 51222 | Vaults:5 | XOM: divination: magic mapping
 51234 | Vaults:5 | XOM: swap monsters
 51256 | Vaults:5 | Noticed an ancient lich
 51271 | Vaults:5 | Killed an ancient lich
 51276 | Vaults:5 | XOM: blink monster(s)
 51278 | Vaults:5 | XOM: swap monsters
 51283 | Vaults:5 | XOM: stat loss: -1 Str (33/34)
 51292 | Vaults:5 | XOM: blink monster(s)
 51293 | Vaults:5 | Identified the staff of the Grave {rC+ Str+3 SInv Ice}
 51308 | Vaults:5 | XOM: chaos cloud
 51344 | Vaults:5 | XOM: chaos cloud
 51356 | Vaults:5 | XOM: blink monster(s)
 51364 | Vaults:5 | XOM: polymorph stone giant -> acid blob
 51366 | Vaults:5 | XOM: summons 3 hostile shadow creatures
 51371 | Vaults:5 | XOM: scenery: create altars
 51379 | Vaults:5 | XOM: swap monsters
 51383 | Vaults:5 | XOM: repel stairs
 51387 | Vaults:5 | XOM: polymorph green ugly thing -> white ugly thing
 51487 | Vaults:5 | XOM: polymorph deep elf annihilator -> shadow dragon
 51803 | Vaults:5 | XOM: stat loss: -1 Int (14/15)
 51819 | Vaults:5 | Identified the +1 leather armour of Negligence {*Slow Str+3
                  | Dex+4}
 51894 | Vaults:5 | Got the Codex of Viridian Phantasms
 51895 | Vaults:5 | Identified the +5 battleaxe of Untruth {antimagic, rC+}
 51939 | Vaults:5 | Identified the +1 arbalest "Kennaw" {heavy, Will+ Int+5
                  | SInv}
 51980 | Vaults:5 | Identified the +2 arbalest of Vanity {heavy, *Slow rElec
                  | rPois rF+ Stlth-}
 51980 | Vaults:5 | Identified the amulet "Reraeson" {Faith Will+ Slay+2}
 52137 | Vaults:5 | XOM: summons 2 hostile shadow creatures
 52140 | Vaults:5 | XOM: noise
 52205 | Vaults:5 | XOM: polymorph deep troll -> eleionoma
 52212 | Vaults:5 | Reached XP level 25. HP: 262/262 MP: 26/26
 52331 | Vaults:5 | Found Fim Ygul's Magic Scroll Boutique.
 52339 | Vaults:5 | Bought a scroll of poison for 84 gold pieces
 52342 | Vaults:5 | Got a silver rune of Zot
 52519 | Vaults:5 | Identified the +4 plate armour of the Sky {rCorr}
 52602 | Vaults:5 | XOM: give mutations
 52602 | Vaults:5 | Lost mutation: You are strong-willed. (Will+) [Xom's
                  | mischief]
 52602 | Vaults:5 | Lost mutation: Your muscles are strong. (Str +4, Int/Dex
                  | -1) [Xom's mischief]
 52602 | Vaults:5 | Lost mutation: Your natural rate of healing is unusually
                  | fast. [Xom's mischief]
 52812 | Vaults:3 | XOM: stat loss: -1 Int (15/16)
 53081 | Zot:1    | Entered Level 1 of the Realm of Zot
 53795 | D:10     | XOM: divination: detect items
 54180 | D:13     | XOM: summons 4 hostile demons
 54457 | Zot:1    | XOM: summons 3 friendly demons
 54625 | Zot:1    | Noticed a dread lich
 54626 | Zot:1    | Noticed a dread lich
 54637 | Zot:1    | Killed a dread lich
 54643 | Zot:1    | Killed a dread lich
 54654 | Zot:1    | Noticed a dread lich
 54655 | Zot:1    | XOM: torment (173/264 hp)
 54665 | Zot:1    | Killed a dread lich
 54665 | Zot:1    | Noticed a dread lich
 54680 | Zot:1    | Killed a dread lich
 54966 | Zot:1    | Found the +4 dragonskin cloak
 54966 | Zot:1    | Noticed Tiamat
 54979 | Zot:1    | XOM: divination: magic mapping
 54990 | Zot:1    | Found a hazy altar of Hepliaklqana.
 55013 | Zot:1    | XOM: cleaving
 55035 | Zot:1    | Killed Tiamat
 55240 | Zot:1    | Identified the maw talisman "Xycimib" {rPois rF++ MP-9
                  | SInv}
 55890 | Zot:2    | XOM: cloud trail
 55971 | Zot:2    | XOM: scenery: 1 doors close
 56210 | Zot:2    | XOM: 4-stop teleportation journey
 56225 | Zot:2    | XOM: god gift: book of the Earth
 56455 | Zot:2    | Reached skill level 27 in Shields
 56489 | Zot:2    | XOM: scenery: 2 doors open, 1 doors close
 56646 | Zot:2    | XOM: god gift: 31 gold pieces
 56803 | Zot:2    | XOM: scenery: 3 doors close
 56831 | Zot:3    | Noticed an orb of fire
 56840 | Zot:3    | Lost mutation: You are robust. (+10% HP) [an orb of fire]
 56845 | Zot:3    | Lost mutation: Your mind is acute. (Int +4, Str/Dex -1) [an
                  | orb of fire]
 56846 | Zot:3    | Killed an orb of fire
 56865 | Zot:3    | XOM: enchant monster (good)
 56900 | Zot:3    | XOM: 1-stop teleportation journey
 56906 | Zot:3    | Reached XP level 26. HP: 254/254 MP: 16/26
 56917 | Zot:3    | XOM: 2-stop teleportation journey
 56952 | Zot:3    | XOM: give mutations
 56952 | Zot:3    | Gained mutation: You passively map the area around you.
                  | [Xom's grace]
 56952 | Zot:3    | Gained mutation: You are robust. (+10% HP) [Xom's grace]
 56952 | Zot:3    | Gained mutation: Your natural rate of healing is unusually
                  | fast. [Xom's grace]
 56952 | Zot:3    | Gained mutation: You are very robust. (+20% HP) [Xom's
                  | grace]
 57016 | Zot:3    | XOM: polymorph tentacled monstrosity -> Tzitzimitl
 57982 | Zot:4    | XOM: noise
 57985 | Zot:4    | Reached skill level 27 in Dodging
 58011 | Zot:4    | XOM: enchant monster (bad)
 58108 | Zot:4    | XOM: summons 1 hostile shadow creature
 58437 | Zot:4    | XOM: give mutations
 58437 | Zot:4    | Lost mutation: You have sharp toenails. [Xom's mischief]
 58437 | Zot:4    | Lost mutation: You are very robust. (+20% HP) [Xom's
                  | mischief]
 58437 | Zot:4    | Lost mutation: You are robust. (+10% HP) [Xom's mischief]
 58437 | Zot:4    | Lost mutation: You passively map the area around you.
                  | [Xom's mischief]
 58496 | Zot:5    | Entered Level 5 of the Realm of Zot
 58654 | Zot:5    | XOM: give mutations
 58654 | Zot:5    | Lost mutation: Your system is resistant to poisons. (rPois)
                  | [Xom's mischief]
 58654 | Zot:5    | Lost mutation: You are very agile. (Dex +8, Str/Int -2)
                  | [Xom's mischief]
 58654 | Zot:5    | Lost mutation: You have a considerably increased reservoir
                  | of magic. (+20% MP) [Xom's mischief]
 58654 | Zot:5    | Lost mutation: Your flesh is very heat resistant. (rF++)
                  | [Xom's mischief]
 58833 | Zot:5    | XOM: cleaving
 58852 | Zot:5    | XOM: silly message
 58905 | Zot:5    | Noticed an ancient lich
 58907 | Zot:5    | XOM: polymorph ghost moth -> water nymph
 58921 | Zot:5    | XOM: summons friendly shadow imp
 58923 | Zot:5    | XOM: torment (165/262 hp)
 58923 | Zot:5    | Noticed an orb of fire
 58933 | Zot:5    | Killed an ancient lich
 58945 | Zot:5    | Killed an orb of fire
 58947 | Zot:5    | XOM: enchant monster (bad)
 58966 | Zot:5    | Noticed a dread lich
 58986 | Zot:5    | XOM: scenery: summon butterflies
 58994 | Zot:5    | Killed a dread lich
 58999 | Zot:5    | Noticed an orb of fire
 59012 | Zot:5    | Killed an orb of fire
 59013 | Zot:5    | Reached skill level 27 in Fighting
 59019 | Zot:5    | XOM: destruction
 59022 | Zot:5    | XOM: silly message
 59234 | Zot:5    | XOM: confuse monster(s)
 59245 | Zot:5    | Noticed a dread lich
 59272 | Zot:5    | Killed a dread lich
 59296 | Zot:5    | Reached XP level 27. HP: 203/273 MP: 24/24
 59342 | Zot:5    | XOM: smoke on damage
 59359 | Zot:5    | Noticed a dread lich
 59364 | Zot:5    | Killed a dread lich
 59541 | Zot:5    | XOM: summons 5 hostile demons
 59601 | Zot:5    | XOM: enchant monster (bad)
 59624 | Zot:5    | XOM: confuse monster(s)
 59628 | Zot:5    | Lost mutation: Your flesh is heat resistant. (rF+)
                  | [mutagenic glow]
 59628 | Zot:5    | Gained mutation: You are vulnerable to heat. (rF-)
                  | [mutagenic glow]
 59638 | Zot:5    | Gained mutation: Your body sometimes deteriorates upon
                  | taking damage. [mutagenic glow]
 59657 | Zot:5    | Gained mutation: You are frail. (-10% HP) [mutagenic glow]
 59952 | Zot:5    | Got the Orb of Zot
 60086 | Zot:3    | Noticed Ticlueh the pandemonium lord
 60155 | Zot:1    | Gained mutation: Armour fits poorly on your strangely
                  | shaped body. [a cacodemon]
 60187 | Depths:4 | Reached skill level 1 in Throwing
 60316 | D:15     | Noticed Xopuf the pandemonium lord
 60318 | D:15     | XOM: summons 16 friendly demons
 60319 | D:15     | XOM: fog
 60516 | D:5      | Noticed a seraph
 60517 | D:5      | XOM: potion effect (brilliance)
 60536 | D:5      | Killed a seraph
 60643 | D:$      | Escaped with the Orb!

Illustrated notes

Levels and vault maps discovered:
D:1:      dpeg_arrival_simpleton_b, layout_rooms,
          hellmonk_ecumenical_altar_run_dry, serial_bayou_lake_a
D:2:      layout_rooms, grunt_decor_mini_mirrors
D:3:      layout_loops_ring, nicolae_ru_great_annihilating_truth,
          mainiacjoe_overflow_surrounded_room
D:4:      layout_loops_ring, mainiacjoe_overflow_chevrons
D:5:      layout_basic, elyvilon_altar_5, lemuel_round_altar
D:6:      layout_loops_corners, amcnicky_altar_gilded,
          minmay_temple_entry_overgrown, st_stairs_2, uniq_crazy_yiuf_cottage,
          uniq_jeremiah
D:7:      layout_cave_pools, mainiacjoe_overflow_tiny_flanked,
          nicolae_uskayaw_dance_studio, mainiacjoe_overflow_24_doors,
          lemuel_mausoleum_altar_yredelemnul, enter_bailey_3,
          hangedman_decor_opposing, minmay_misc_feat_cross
D:8:      layout_loops_ring, minmay_misc_feat_plants,
          amcnicky_mini_corridor_feature, uniq_grum
D:9:      layout_basic, nicolae_wu_jian_wuxing_cycle,
          mainiacjoe_overflow_cross_hatched, nicolae_overflow_crystal_walls,
          serial_shops, shop, nzn_ghost_randoct, uniq_maurice, uniq_harold
D:10:     minmay_the_grid_triangle_9x9_rhombus_full
          [minmay_the_grid_triangle_9x9_odd_lines,
          minmay_the_grid_triangle_9x9_longest,
          minmay_the_grid_triangle_9x9_subtriangle,
          minmay_the_grid_triangle_9x9_warning,
          minmay_the_grid_triangle_9x9_dagger,
          minmay_the_grid_triangle_9x9_alien,
          minmay_the_grid_triangle_9x9_cache,
          minmay_the_grid_triangle_9x9_prize_top_heavy], layout_layer_cave,
          item_on_display_a, uniq_sonja
D:11:     layout_layer_cave, minivault_5, dreamdust_mushroom_princess,
          mainiacjoe_okawaru_digging_arena
D:12:     layout_small_grid, minmay_orc_entry_temple_small,
          kennysheep_generic_room_7
D:13:     layout_basic, grunt_vaults_entry_tiered
D:14:     layout_irregular_city, minmay_misc_feat_encased,
          nicolae_trove_entry_columns, kennysheep_potato, uniq_agnes
D:15:     grunt_enter_depths_snipers, layout_irregular_city, minmay_crystal_room
Temple:   pf_slimified_temple
Lair:1:   layout_chaotic_city, nicolae_lair_liquid_snakes
Lair:2:   layout_roguey, chequers_serial_rivers_micro_a, grunt_megastairs_5
Lair:3:   layout_chaotic_city, mainiacjoe_swamp_entry_lozenge_pond,
          nicolae_spider_entry_orb_guardian, infiniplex_staircase_pool,
          grunt_megastairs_3
Lair:4:   layout_gridlike
Lair:5:   wormcave, layout_cellular_growth, slime_entry_2, uniq_nessos
Swamp:1:  nicolae_swamp_flooded_prison, layout_basic_swamp,
          ebering_ghost_disaster_area, nicolae_swamp_feature_on_the_river_bank,
          swamp_pool_1_2, nicolae_swamp_tree_isthmus
Swamp:2:  layout_falls_marsh, nicolae_swamp_ascending_descending,
          nicolae_swamp_decorative_isthmus, uniq_louise
Swamp:3:  layout_basic_swamp, nicolae_swamp_treefoil, nicolae_swamp_big_swirl,
          uniq_jorgrun
Swamp:4:  swamp_old_school, layout_basic_swamp, grunt_hermit_hut
Spider:1: nicolae_spider_brood_tunnel, uniq_frances
Spider:2: spider_temple_joshua, hangedman_spider_mandibles
Spider:3: layout_spider_delve, nicolae_spider_paper_wasps
Spider:4: hellmonk_spider_rune_endless_swarm
Orc:1:    layout_caves, ebering_ghost_disaster_area, minmay_orc_temple_b,
          uniq_urug, uniq_erica
Orc:2:    grunt_orc_gardens, layout_caves, grunt_orc_garden, grunt_orc_garden,
          grunt_orc_garden, grunt_orc_garden, serial_shops,
          nicolae_shop_drivethru, portal_ice_cave_entry_ice_simulacra,
          mines1_david
Elf:1:    eino_elf_arrival_customs, layout_loops_corners,
          nicolae_elf_crossing_hall, due_unseen_surprise
Elf:2:    nicolae_elf_blades_crystal_corner, layout_loops_cross, serial_shops,
          shop, uniq_donald
Elf:3:    minmay_elf_hall_hex, layout_loops_ring, basic_altar, uniq_asterion
Vaults:1: vaults_mumra_chevron_long, ontoclasm_vaults_spin,
          nicolae_vaults_sealed_display, vaults_standard_mumra_x,
          vaults_standard_mumra_enter_the_diamond, nicolae_vaults_gold_heap,
          v_misc_16, layout_vaults_big_room
Vaults:2: v_misc_31, minmay_crypt_entry_necro_gods, nicolae_vaults_meiosis,
          v_misc_12, hangedman_vaults_corner_blocks, vaults_room_door_hall,
          v_misc_29, nicolae_vaults_two_Ls, v_misc_13,
          dpeg_vaults_hating_casters, layout_vaults_omnigrid, uniq_sojobo,
          uniq_jory
Vaults:3: grunt_vaults_hallway_long, nicolae_vaults_stepped_doors,
          vaults_mumra_hexcomb, nicolae_vaults_network_star,
          nicolae_vaults_tetromino_T_2, dpeg_vaults_monster_box,
          nicolae_vaults_lightning_bolt, v_misc_12,
          hangedman_vaults_stretched_pinwheel, hangedman_vaults_restitches,
          nicolae_vaults_shelves_hall, layout_vaults_ring, serial_shops,
          nicolae_shop_overgrown_old_shop
Vaults:4: v_pattern_1, grunt_vaults_twisty, nicolae_vaults_house_1,
          nicolae_vaults_little_ls, nicolae_vaults_mitosis,
          nicolae_vaults_six-pack, nicolae_vaults_spaceships,
          vaults_room_semicircle, nicolae_vaults_ellipses_ellipsis,
          nicolae_vaults_security_offices_2, nicolae_vaults_swerve,
          nicolae_vaults_tetromino_Z_2, layout_vaults_omnibox
Vaults:5
Crypt:1:  layout_chaotic_city
Crypt:2:  minmay_guarded_unrand_sceptre_of_torment, layout_misc_corridors,
          nicolae_crypt_tucked_away
Crypt:3:  lightli_unholy_cathedral, layout_chaotic_city, uniq_xtahua
Depths:1: layout_roguey, enter_ziggurat_b, grunt_metal_band,
          minmay_misc_feat_enclosed, cheibrodos_ashenzari_chains,
          minmay_shop_grove, uniq_norris
Depths:2: minmay_skeleton_keep, layout_gridlike, grunt_hell_entry_dis_old,
          rand_demon_pan_entry_7, hex_tiny, abyss_entry, kennysheep_small_circle
Depths:3: kennysheep_gozag_temple, layout_long_grid, kiku_gazebo_pond_becter,
          rand_demon_pan_entry_5, nicolae_abyss_entry_one_way_or_another,
          hell_entry, infiniplex_staircase_pool_2
Depths:4: evilmike_zot_entry_basic, layout_cave_pools, nicolae_the_louvre,
          abyss_entry, hangedman_geh_valley, serial_library_hellmonk_hallway_a,
          hellmonk_scale_shop, serial_bayou_shore_b, uniq_boris, uniq_josephina
Zot:1:    hellmonk_paralyzer, layout_twisted_circle,
          regret_index_zotdec_misc_clamp, regret_index_zotdec_bone_old,
          hangedman_zot_wheel_spokes, hangedman_zot_decor_checkerboard,
          evilmike_ambush [evilmike_ambush_outer_basic,
          evilmike_ambush_inner_basic], uniq_tiamat
Zot:2:    layout_gridlike, regret_index_zotdec_silver_v_v_orig_slice,
          amethyst_zot_foddershock
Zot:3:    layout_misc_corridors, regret_index_zotdec_banners
Zot:4:    layout_twisted_circle, regret_index_zotdec_icy_dp
Zot:5:    layout_basic

Skill      XL: |  1  2  3  4  5  6  7  8  9 10 11 12 13 14 15 16 17 18 19 20 21 22 23 24 25 26 27 |
---------------+----------------------------------------------------------------------------------+-----
Axes           | 4 5 6 8 10 12 14 15 17 | 17.8
Fighting       | 4 5 6 7 8 10 11 12 13 15 17 18 20 22 23 27 | 27.0
Armour         | 3 4 5 6 8 10 13 15 17 18 19 20 21 22 23 24 25 26 27 | 27.0
Polearms       | 1 2 3 |  3.1
Dodging        | 2 3 4 5 7 8 9 11 12 14 15 16 17 18 19 20 21 22 23 25 26 27 | 27.0
Evocations     | 3 6 8 10 11 12 13 14 | 14.8
Shields        | 1 5 9 12 15 18 19 21 22 23 24 26 27 | 27.0
Throwing       | 2 |  2.6

Action                     |  1- 3 |  4- 6 |  7- 9 | 10-12 | 13-15 | 16-18 | 19-21 | 22-24 | 25-27 || total
---------------------------+-------+-------+-------+-------+-------+-------+-------+-------+-------++-------
  Melee: Hand axe          |    16 |       |       |       |       |       |       |       |       ||    16
         Headbutt          |     6 |     8 |    29 |    75 |   192 |   485 |   511 |   405 |   379 ||  2090
         Glaive            |    59 |    48 |       |       |       |       |       |       |       ||   107
         Kick              |       |    10 |    43 |    84 |       |       |       |       |       ||   137
         War axe           |       |    13 |   184 |   387 |   633 |       |       |       |       ||  1217
         Punch             |       |     1 |     2 |     2 |       |       |       |       |       ||     5
         Broad axe         |       |       |     6 |       |   115 |  1486 |  1394 |  1233 |   441 ||  4675
         Mace              |       |       |       |     2 |    26 |       |       |       |       ||    28
         Eveningstar       |       |       |       |       |       |       |       |       |   569 ||   569
  Throw: Dart              |       |       |       |     2 |       |       |       |       |       ||     2
  Evoke: Wand              |       |       |       |     8 |     6 |    21 |    14 |     5 |     3 ||    57
         Condenser vane    |       |       |       |       |       |       |       |     3 |       ||     3
    Use: Scroll            |       |     3 |     2 |     6 |    19 |     4 |     8 |    11 |    11 ||    64
         Potion            |       |       |     2 |     4 |     2 |     3 |       |     2 |     2 ||    15
   Stab: Paralysed         |       |     1 |       |     2 |     2 |       |     1 |       |       ||     6
         Sleeping          |       |     1 |       |     1 |     5 |     3 |       |       |       ||    10
         Invisible         |       |       |     1 |     2 |     3 |     7 |     3 |       |       ||    16
         Confused          |       |       |       |       |     4 |     1 |     5 |    18 |     4 ||    32
         Distracted        |       |       |       |       |     4 |     2 |     6 |       |     1 ||    13
         Petrifying        |       |       |       |       |     1 |     2 |       |     1 |       ||     4
         Petrified         |       |       |       |       |       |     3 |       |       |       ||     3
 Armour: Leather armour    |    57 |    29 |   140 |       |       |       |       |       |       ||   226
         Ring mail         |       |       |    11 |   328 |   346 |    34 |       |       |       ||   719
         Scale mail        |       |       |     7 |    43 |       |       |       |       |       ||    50
         Ice dragon scales |       |       |       |       |       |   909 |   365 |   312 |    36 ||  1622
         Gold dragon scale |       |       |       |       |       |       |       |       |   319 ||   319
  Dodge: Dodged            |    52 |    26 |   163 |   326 |   445 |   988 |   568 |   604 |   465 ||  3637
  Block: Buckler           |       |       |       |    16 |   110 |       |       |       |       ||   126
         Reflection        |       |       |       |       |     5 |       |    43 |   119 |    20 ||   187
         Kite shield       |       |       |       |       |   193 |   400 |       |       |       ||   593
         Tower shield      |       |       |       |       |       |  1598 |  1795 |  1801 |  1364 ||  6558
